Workbook
Name _Toc156908137: 'CONSOLIDADO POR PROPONENTE'!#REF!
Name Año_2018: X!$A$4:$A$14

Sheet E. Especifica Adic.
A7: ALCALDIA MAYOR DE BOGOTA D.C.
A8: SECRETARÍA DE EDUCACIÓN
A9: EVALUACIÓN TÉCNICA- ECONÓMICA: CONCURSO DE MERITOS No. SED-CM-DBE-110-2013
A10: EXPERIENCIA ADICIONAL DEL PROPONENTE
A12: EXPERIENCIA ESPECIFICA ADICIONAL
A13: Nombre del Proponente | B13: C&M CONSULTORES S.A
A14: Campo | B14: Contrato 1 | D14: Contrato 2 | F14: Contrato 3 | H14: Contrato 4 | J14: Contrato 5
A15: Entidad Contratante | B15: TRANSMILENIO SA | D15: MINISTERIO DE EDUCACIÓN NACIONAL - MEN | F15: MINISTERIO DE EDUCACIÓN NACIONAL - MEN | H15: MINISTERIO DE EDUCACIÓN NACIONAL - MEN | J15: MINISTERIO DE EDUCACIÓN NACIONAL - MEN
A16: Dirección | B16: AV. ELDORADO No. 66-63 | D16: CALLE 43 N° 57 14 | F16: CALLE 43 N° 57 14 | H16: CALLE 43 N° 57 14 | J16: CALLE 43 N° 57 14
A17: Teléfono | B17: 2203000 | D17: 2222800 | F17: 2222800 | H17: 2222800 | J17: 2222800
A18: Nombre del Contratista | B18: Consorcio Interventoría SITP | D18: C&M CONSULTORES S.A | F18: C&M CONSULTORES S.A | H18: C&M CONSULTORES S.A | J18: C&M CONSULTORES S.A
A19: En caso de Unión Temporal o Consorcio | B19: Integrante | C19: % de participac.
B20: C&M Consultores | C20: 0.5
B21: EPYPSA | C21: 0.5
A22: Número del Contrato | B22: 80 del 31/05/2012 | D22: 271 de 2011 | F22: 123 de 2010 | H22: 634 de 2009 | J22: 482 de 2012
A23: Valor total del Contrato | B23: 8945764395 | D23: 520468033 | F23: 430794338 | H23: 523499973 | J23: 602738568
A24: Valor del contrato a tener en cuenta | B24: =B23*C20 -> 4.4728822e+09 | D24: =D23 -> 520468033 | F24: =F23 -> 430794338 | H24: =H23 -> 523499973 | J24: =J23 -> 602738568
A25: Valor del contrato a tener en cuenta (actualizado 2014) | B25: =4862000059-1350000000 -> 3512000059 | D25: 598596543 | F25: 515280218 | H25: 648975616 | J25: 655173739
A26: Objeto del contrato | B26: Realizar la interventoría técnica y operativa de las etapas preoperativa y operativa asociadas a la implementación de trece (13) contratos de concesión, cuyo objeto corresponde a la explotación preferencial y no exclusiva, de la prestación del servicio público de transporte de pasajeros dentro del esquema del Sistema Integrado de Transporte Público SITP 1) Usaquén, 2) Engativá, 3) Fontibón, 4) San Cristóbal, 5) Suba Oriental, 6) Suba Centro, 7) Calle 80, 8) Tintal - Zona Franca, 9) Kennedy, 10) Bosa, 11) Perdomo, 12) Ciudad Bolívar y 13) Usme | D26: Interventoria de la prestación de servicios para la organización, administración y ejecución de acciones logisticas para la realización de eventos | F26: Interventoria de la prestación de servicios para la organización, administración y ejecución de acciones logisticas para la realización de eventos - grupo N° 1 del consorcio CM-MEN-02-10, Contratos derivados de la Licitación LP-MEN-12-09 | H26: Interventoria de la prestación de servicios para la organización, administración y ejecución de acciones logisticas para la realización de eventos - grupo N° 1 del consorcio CM-MEN-06-09, Contratos derivados de la Licitación LP-MEN-01-09 | J26: Realizar la interventoría técnica, administrativa, financiera y jurídica de los contratos resultantes de la licitación pública LP-MEN-01-2012 cuyo objeto es la prestación de servicios para la organización, administración y ejecución de acciones logisticas para la realización de eventos
A27: Fecha de suscripcion del contrato indicando día, mes y año | B27: 41060 | D27: 40714 | F27: 40273 | H27: 40003 | J27: 41145
A28: Fecha de Inicio del contrato indicando día, mes y año | B28: 41074 | D28: 40714 | F28: 40288 | H28: 40003 | J28: 41149
A29: Fecha de Terminación del contrato indicando día, mes y año | B29: 41523 | D29: 41060 | F29: 40755 | H29: 40390 | J29: 41394
A30: Fecha de la expedición de la certificación | B30: 41598 | D30: 41226 | F30: 40928 | H30: 40928 | J30: 41149
A31: Nombre y firma de quien expide la certificación | B31: Ernesto Cadena Rojas | D31: Dunia Semmir Montañez Jimenez | F31: Fabio Alberto Gomez Santos | H31: Fabio Alberto Gomez Santos | J31: Se adjunta el acta de inicio y contrato
A32: Estado del contrato | B32: Terminado | D32: Terminado | F32: Terminado | H32: Terminado | J32: Terminado
A33: Cumplimiento (1 Si; 0 No) | B33: 1 | D33: 1 | F33: 1 | H33: 1 | J33: 1
A34: Valor Contratos | B34: =SUMIFS(B25:K25,B33:K33,1) -> 5930026175
A35: Puntaje | B35: =IF(B34>2.5*2250000000,45,IF(B34>2*2250000000,30,IF(B34>1.5*2250000000,15,0))) -> 45
A37: EXPERIENCIA ESPECIFICA ADICIONAL
A38: Nombre del Proponente | B38: SERVICIOS Y SOLUCIONES SEGURAS S.A.S
A39: Campo | B39: Contrato 1 | D39: Contrato 2 | F39: Contrato 3 | H39: Contrato 4 | J39: Contrato 5
A40: Entidad Contratante | B40: TECNISEG DE COLOMBIA LTDA | D40: TRANSMILENIO S.A | F40: SEVIAL S.A | H40: SEVIAL S.A | J40: SECRETARIA DE TRANSITO Y TRANSPORTE DE VALLEDUPAR
A41: Dirección | B41: Calle 152 A Nº 17 - 04 | D41: Avenida del Dorado 66 - 63 | F41: Transversal 23 Nº 94 -23 of 602 | H41: Transversal 23 Nº 94 -23 of 602 | J41: Calle 13 Nº 11 - 90
A42: Teléfono | B42: 6260693 | D42: 2203000 | F42: 6210644 | H42: 6210644 | J42: 5714983
A43: Nombre del Contratista | B43: Servicios y Soluciones Seguras S.A.S | D43: Servicios y Soluciones Seguras S.A.S | F43: Servicios y Soluciones Seguras S.A.S | H43: Servicios y Soluciones Seguras S.A.S | J43: Unión Temoral Control Transito
A44: En caso de Unión Temporal o Consorcio | J44: Integrante | K44: % de participac.
J45: Servicios y Soluciones Seguras S.A.S | K45: 0.5
J46: P.I.V Ingenieria | K46: 0.5
A47: Número del Contrato | B47: 001 de 2005 | D47: 175 de 2011 | F47: 004 de 2009 | H47: 006 de 2010 | J47: 207 de 2009
A48: Valor total del Contrato | B48: 2315578505 | D48: 428129200 | F48: 300000000 | H48: 384097975 | J48: 278028800
A49: Valor del contrato a tener en cuenta | B49: =B48 -> 2315578505 | D49: =D48 -> 428129200 | F49: =F48 -> 300000000 | H49: =H48 -> 384097975 | J49: =J48*K45 -> 139014400
A50: Objeto del contrato | B50: Administraciòn y manejo del transporte del personal de guardas a nivel nacional | D50: Contratar bajo la modalidad de Outsourcing que por su cuenta y riesgo realice labores de supervisión, verificación y retroalimentación de la operación del servicio de alimentadores del Sistema Transmilenio a realizarse en las diferentes zonas de alimentación del sistema | F50: Prestar el servicio de administración, supervisión, manejo y control de operaciones de la informaciónde multas e infracciones de transito para el convenio con la Dirección de Transito de la Policia Nacional y dentro de las ordenes que SEVIAL S.A precise por razón de su actividad en la ZONA, comprendida por los departamentos de GUAJIRA,MAGDALENA, BOLIVAR, ATLANTICO y CESAR | H50: Prestar el servicio de administración, supervisión, manejo y control de operaciones de la informaciónde multas e infracciones de transito para el convenio con la Dirección de Transito de la Policia Nacional y dentro de las ordenes que SEVIAL S.A precise por razón de su actividad en la ZONA, comprendida por los departamentos de GUAJIRA,MAGDALENA, BOLIVAR, ATLANTICO y CESAR | J50: Interventoria técnica, administrativa y financiera del contrato de Concesión Nº 015 de 2005 cuyo objeto es la repotenciación, operación, mantenimiento y expansión del sistema de semaforización de la ciudad y la implantación de un siste,a de control de tráfico y la modernización técnologica y funcional de la secretaría de tránsito y transporte de Valledupar
A51: Valor del contrato a tener en cuenta (actualizado 2014) | B51: 3738915751 | D51: 492396541 | F51: 371905816 | H51: 459425927 | J51: 172334213
A52: Fecha de suscripcion del contrato indicando día, mes y año | B52: 38353 | D52: 40787 | F52: 39814 | H52: 40179 | J52: 39968
A53: Fecha de Inicio del contrato indicando día, mes y año | B53: 38353 | D53: 40798 | F53: 39818 | H53: 40179 | J53: 39990
A54: Fecha de Terminación del contrato indicando día, mes y año | B54: 41639 | D54: 41163 | F54: 40178 | H54: 40543 | J54: 40908
A55: Fecha de la expedición de la certificación | B55: 41642 | J55: 40974
A56: Nombre y firma de quien expide la certificación | B56: Ruben Dario Junco Espinoza | F56: Raul Ernesto Morales Lopez | H56: Raul Ernesto Morales Lopez | J56: Keillyng Oriana Uron Pinto
A57: Estado del contrato | B57: Finalizado | D57: Finalizado | F57: Finalizado | H57: Finalizado | J57: Finalizado
A58: Cumplimiento (1 Si; 0 No) | B58: 1 | D58: 1 | F58: 1 | H58: 1 | J58: 1
A59: Valor Contratos | B59: =B51+D51+F51+H51+J51 -> 5234978248
A60: Puntaje | B60: =IF(B59>2.5*2250000000,45,IF(B59>2*2250000000,30,IF(B59>1.5*2250000000,15,0))) -> 30
A62: EXPERIENCIA ESPECIFICA ADICIONAL
A63: Nombre del Proponente | B63: UT INTERVENTORES EXPRESS
A64: Campo | B64: Contrato 1 | D64: Contrato 2 | F64: Contrato 3 | H64: Contrato 4 | J64: Contrato 5
A65: Entidad Contratante | B65: TRANSPORTE ESIVANS SAS | D65: ODL | F65: ODL | H65: NABORS DRILLING INTERNATIONAL LIMITED
A66: Dirección | B66: CR 67 Nº 167-61 | D66: AVENIDA CALLE 100 #8A-37 | F66: AVENIDA CALLE 100 #8A-37 | H66: AV CALLE 72 No. 6-30
A67: Teléfono | B67: 6690433 | D67: 6461300 | F67: 6461300 | H67: 5462121
A68: Nombre del Contratista | B68: ASPROINCO SAS | D68: 5 EXPRESS SERVICIOS LTDA | F68: 5 EXPRESS SERVICIOS LTDA | H68: 5 EXPRESS SERVICIOS LTDA
A69: En caso de Unión Temporal o Consorcio | B69: Integrante | C69: % de participac. | D69: Integrante | E69: % de participac. | F69: Integrante | G69: % de participac. | H69: Integrante | I69: % de participac. | J69: Integrante | K69: % de participac.
A74: Número del Contrato | B74: PS 03 2010 | D74: 7202223 | F74: 7203028 | H74: TRANSPER 2212
A75: Valor total del Contrato | B75: 480000000 | D75: 1342420034 | F75: 1190013044 | H75: 2769730400
A76: Valor del contrato a tener en cuenta (actualizado 2014) | B76: 101635922 | D76: 581703707 | F76: 1243508117 | H76: 3010682771
A77: Objeto del contrato | B77: PRESTAR LOS SERVICIOS DE SUPERVICION CONTROL Y ORGANIZACIÓN DEL TRASPORTE | D77: PRESTAR SERVICIOS DE TRANSPORTE DE PERSONAL EN CAMPO PARA LA OPERACIÓN Y PROYECTO DE LA EBR, EBR1, COROCORA EN EL DPTO DEL META | F77: prestar el servicio de tranporte de personal en campo en los deptos del Meta y Casanare | H77: SERVICIOS DE TRANSPORTE DE PERSONAL
A78: Fecha de suscripcion del contrato indicando día, mes y año | B78: 40483 | D78: 40989 | F78: 41390 | H78: 41167
A79: Fecha de Inicio del contrato indicando día, mes y año | B79: 40483 | D79: 41000 | F79: 41390 | H79: 41167
A80: Fecha de Terminación del contrato indicando día, mes y año | B80: 41578 | D80: 41389 | F80: 41639 | H80: 41638
A81: Fecha de la expedición de la certificación | B81: 41647 | D81: 41652 | F81: 41652 | H81: 41649
A82: Nombre y firma de quien expide la certificación | B82: ERNESTO JORGE GARRIDO | D82: NERLSON RAUL MOYANO | F82: NELSO RAUL MOYANO | H82: DEISY LAVERDE
A83: Estado del contrato | B83: FINALIZADO | D83: FINALIZADO | F83: FINALIZADO | H83: FINALIZADO
A84: Cumplimiento (1 Si; 0 No) | B84: 1 | D84: 1 | F84: 1 | H84: 1
A85: Valor Contratos | B85: =B76+D76+F76+H76 -> 4937530517
A86: Puntaje | B86: =IF(B85>2.5*2250000000,45,IF(B85>2*2250000000,30,IF(B85>1.5*2250000000,15,0))) -> 30
A88: EXPERIENCIA ESPECIFICA ADICIONAL
A89: Nombre del Proponente | B89: TPD INGENIERIA S.A
A90: Campo | B90: Contrato 1 | D90: Contrato 2 | F90: Contrato 3 | H90: Contrato 4 | J90: Contrato 5
A91: Entidad Contratante | B91: SECRETARIA DE EDUCACION
A92: Dirección | B92: Avenida El Dorado #66-63
A93: Teléfono | B93: 3241000
A94: Nombre del Contratista | B94: TPD INGENIERIA S.A
A95: En caso de Unión Temporal o Consorcio | B95: Inegrante | C95: % de participac. | D95: Inegrante | E95: % de participac. | F95: Inegrante | G95: % de participac. | H95: Inegrante | I95: % de participac. | J95: Inegrante | K95: % de participac.
A100: Número del Contrato | B100: ORDEN DE SERVICIO 1031 DE 2005
A101: Valor total del Contrato | B101: 37865905
A102: Valor del contrato a tener en cuenta (actualizado 2014) | B102: 61141278
A103: Objeto del contrato | B103: INTERVENTORIA
A104: Fecha de suscripcion del contrato indicando día, mes y año | B104: 38609
A105: Fecha de Inicio del contrato indicando día, mes y año | B105: 38609
A106: Fecha de Terminación del contrato indicando día, mes y año | B106: 38639
A107: Fecha de la expedición de la certificación | B107: 38986
A108: Nombre y firma de quien expide la certificación
A109: Estado del contrato | B109: LIQUIDADO
A110: Cumplimiento (1 Si; 0 No) | B110: 1
A111: Valor Contratos | B111: =B102 -> 61141278
A112: Puntaje | B112: =IF(B111>2.5*2250000000,45,IF(B111>2*2250000000,30,IF(B111>1.5*2250000000,15,0))) -> 0
A114: EXPERIENCIA ESPECIFICA ADICIONAL
A115: Nombre del Proponente | B115: CONSORCIO INTERVENTORIA TRANSPORTE
A116: Campo | B116: Contrato 1 | D116: Contrato 2 | F116: Contrato 3 | H116: Contrato 4 | J116: Contrato 5
A117: Entidad Contratante | B117: ICBF | D117: ICBF | F117: ICBF | H117: IDU | J117: ICFES
A118: Dirección | B118: Av. Carrera 68 No. 64C-75 | D118: Av. Carrera 68 No. 64C-75 | F118: Av. Carrera 68 No. 64C-75 | H118: Calle 20 No. 9 - 20 | J118: Calle 17 No. 3 - 40
A119: Teléfono | B119: 4377630 | D119: 4377630 | F119: 4377630 | H119: 3445000 | J119: 3387328
...

Sheet X
B1: SMLV | C1: con auxilio | E1: SI | H1: # | I1: nombre de proponentes | K1: TERMINADO | M1: CONTRATO 100% | N1: CODIGOS UNSPSC | O1: ESPECIALIZACIÓN
A2: Año 2019 | B2: 828116 | C2: 925148 | E2: NO | H2: 1 | I2: BTC | K2: EN EJECUCIÓN | M2: 1173569472 | N2: 80101504 | O2: MAESTRIA | Q2: SI
A3: Año 2018 | B3: 781242 | C3: 869453 | H3: 2 | I3: CONSORCIO AUDISED | K3: LIQUIDADO | M3: CONTRATO 50% | N3: 84111603 | O3: DOCTORADO | Q3: NO
A4: Año 2017 | B4: 737717 | C4: 820857 | H4: 3 | I4: CONSORCIO AUDITORIA TRAESCOL | M4: =+M2*0.5 -> 586784736 | N4: 93151607
A5: Año 2016 | B5: 689455 | C5: 767155 | H5: 4 | I5: CONSORCIO AUDISED 2019 | M5: CONTRATO 30%
A6: Año 2015 | B6: 644350 | C6: 718350 | H6: 5 | I6: KMP CONSULTING SAS | M6: =+M2*0.3 -> 3.5207084e+08
A7: Año 2014 | B7: 616000 | C7: 688000 | H7: 6 | I7: C &M CONSULTORES S.A.
A8: Año 2013 | B8: 589500 | C8: 660000 | H8: 7 | I8: CONSORCIO AUDITOR ESCOLAR 004-2009
A9: Año 2012 | B9: 566700 | C9: 634500
A10: Año 2011 | B10: 535600 | C10: 599200
A11: Año 2010 | B11: 515000 | C11: 576500
A12: Año 2009 | B12: 496900 | C12: 556200
A13: Año 2008 | B13: 461500 | C13: 516500
A14: Año 2007 | B14: 433700 | C14: 484500
A15: Año 2006 | B15: 408000 | C15: 455700
A16: Año 2005 | B16: 381500 | C16: =+B16+44500 -> 426000
A17: Año 2004 | B17: 358000 | C17: 399600
A18: Año 2003 | B18: 332000 | C18: 369500
A19: Año 2002 | B19: 309000 | C19: 343000

Sheet EXPERIENCIA PROPONENTE
A1: ALCALDÍA MAYOR DE BOGOTÁ D.C.
A2: SECRETARÍA DE EDUCACIÓN DEL DISTRITO CAPITAL
A3: DIRECCIÓN DE BIENESTAR ESTUDIANTIL
A4: EVALUACIÓN CONCURSO DE MÉRITOS No. SED-CM-A-DBE-004-2019
A5: EXPERIENCIA DEL PROPONENTE
A7: NOMBRE DEL PROPONENTE | B7: NÚMERO DE PROPUESTA | C7: INTEGRANTE 1 | F7: INTEGRANTE 2
C8: NOMBRE | D8: NIT | E8: % DE PARTICIPACIÓN | F8: NOMBRE | G8: NIT | H8: % DE PARTICIPACIÓN
A9: =+VLOOKUP(B9,X!$H$2:$I$9,2,0) -> CONSORCIO AUDITORIA TRAESCOL | B9: 3 | C9: CONSULTORIA INTERVENTORIA INSTALACIONES Y AUDITORIA DE TELECOMUNICACIONES S.A. CIATEL S.A. | D9: 830.084.789-3 | E9: 0.5 | F9: KRESTON RM S.A. | G9: 800.059.311-2 | H9: 0.5
A10: EXPERIENCIA RELACIONADA | C10: EXPERIENCIA MÍNIMA HABILITANTE | R10: EXPERIENCIA ADICIONAL CALIFICABLE
C11: Contrato 1 | F11: Contrato 2 | I11: Contrato 3 | L11: Contrato 4 | O11: Contrato 5 | R11: Contrato 1 | U11: Contrato 2 | X11: Contrato 3 | AA11: Contrato 4 | AD11: Contrato 5
A12: Entidad Contratante | C12: MINISTERIO DE EDUCACION NACIONAL | R12: SUPERINTENDENCIA DE SERVICIOS PUBLICOS DOMICILIARIOS | U12: SUPERINTENDENCIA DE SERVICIOS PUBLICOS DOMICILIARIOS | X12: ASOCIACIÓN COMPUTADORES PARA EDUCAR | AA12: MINISTERIO DE EDUCACIÓN | AD12: FEDERACIÓN NACIONAL DE DEPARTAMENTOS
A13: Dirección | C13: CALLE 43 No. 57-14 CAN | R13: Carrera 18 No. 84-35 | U13: Carrera 18 No. 84-35 | X13: CARRERA 11 No. 71-73 | AA13: CALLE 43 No. 57-14 | AD13: AVENIDA CALLE 26 No. 69B-53
A14: Teléfono | C14: 2222800 | R14: 69113005 | U14: 69113005 | X14: 3137777 | AA14: 2222800 | AD14: 4870024
A15: Nombre del Contratista | C15: KRESTON RM S.A. | R15: CIATEL S.A. | U15: CIATEL S.A. | X15: CONSORCIO ACCESSTIC | AA15: KRESTON | AD15: KRESTON
A16: En caso de Unión Temporal o Consorcio | C16: Integrante | E16: % de Participación | I16: Integrante | K16: % de Participación | L16: Integrante | N16: % de Participación | O16: Integrante | Q16: % de Participación | R16: Integrante | T16: % de Participación | U16: Integrante | W16: % de Participación | X16: Integrante | Z16: % de Participación | AA16: Integrante | AC16: % de Participación | AD16: Integrante | AF16: % de Participación
C17: KRESTON RM S.A. | E17: 1 | R17: CIATEL S.A. | T17: 1 | U17: CIATEL S.A. | W17: 1 | X17: CIATEL S.A. | Z17: 0.34 | AA17: KRESTON | AC17: 1 | AD17: KRESTON | AF17: 1
A22: Número | C22: 342 | R22: 370-04 | U22: 321-03 | X22: 67-16 | AA22: 631 | AD22: Auditoria Externa
A23: Fecha del Contrato | C23: 40722 | R23: 38341 | U23: 37972 | X23: 42583 | AA23: 40542 | AD23: 42856
A24: Valor del Contrato | C24: 668311709 | R24: 53231342 | U24: 80062901 | X24: 1236808575 | AA24: 202857600 | AD24: 159999999
A25: Valor del Contrato a tener en cuenta por participación | C25: =C24*E17 -> 668311709 | L25: =L24*N17 -> 0 | R25: =R24*T17 -> 53231342 | U25: =U24*W17*E9 -> 40031450 | X25: =X24*Z17 -> 4.2051492e+08 | AA25: =AA24*AC17 -> 202857600 | AD25: =AD24*AF17 -> 159999999
A26: Salario mínimo legal vigente en el año de finalización del contrato (Fuente: BANREP) | C26: Año 2013 | D26: =IF(C26=[1]X!$A$2,[1]X!$B$2,0)+IF(C26=[1]X!$A$3,[1]X!$B$3,0)+IF(C26=[1]X!$A$4,[1]X!$B$4,0)+IF(C26=[1]X!$A$5,[1]X!$B$5,0)+IF(C26=[1]X!$A$6,[1]X!$B$6,0)+IF(C26=[1]X!$A$7,[1]X!$B$7,0)+IF(C26=[1]X!$A$8,[1]X!$B$8,0)+IF(C26=[1]X!$A$9,[1]X!$B$9,0)+IF(C26=[1]X!$A$10,[1]X!$B$10,0)++IF(C26=[1]X!$A$11,[1]X!$B$11,0)+IF(C26=[1]X!$A$12,[1]X!$B$12,0)+IF(C26=[1]X!$A$13,[1]X!$B$13,0)+IF(C26=[1]X!$A$14,[1]X!$B$14,0)+IF(C26=[1]X!$A$15,[1]X!$B$15,0)+IF(C26=[1]X!$A$16,[1]X!$B$16,0)+IF(C26=[1]X!$A$17,[1]X!$B$17,0)+IF(C26=[1]X!$A$18,[1]X!$B$18,0)+IF(C26=[1]X!$A$19,[1]X!$B$19,0) -> 589500 | J26: =IF(I26=[1]X!$A$2,[1]X!$B$2,0)+IF(I26=[1]X!$A$3,[1]X!$B$3,0)+IF(I26=[1]X!$A$4,[1]X!$B$4,0)+IF(I26=[1]X!$A$5,[1]X!$B$5,0)+IF(I26=[1]X!$A$6,[1]X!$B$6,0)+IF(I26=[1]X!$A$7,[1]X!$B$7,0)+IF(I26=[1]X!$A$8,[1]X!$B$8,0)+IF(I26=[1]X!$A$9,[1]X!$B$9,0)+IF(I26=[1]X!$A$10,[1]X!$B$10,0)++IF(I26=[1]X!$A$11,[1]X!$B$11,0)+IF(I26=[1]X!$A$12,[1]X!$B$12,0)+IF(I26=[1]X!$A$13,[1]X!$B$13,0)+IF(I26=[1]X!$A$14,[1]X!$B$14,0)+IF(I26=[1]X!$A$15,[1]X!$B$15,0)+IF(I26=[1]X!$A$16,[1]X!$B$16,0)+IF(I26=[1]X!$A$17,[1]X!$B$17,0)+IF(I26=[1]X!$A$18,[1]X!$B$18,0)+IF(I26=[1]X!$A$19,[1]X!$B$19,0) -> 0 | M26: =IF(L26=[1]X!$A$2,[1]X!$B$2,0)+IF(L26=[1]X!$A$3,[1]X!$B$3,0)+IF(L26=[1]X!$A$4,[1]X!$B$4,0)+IF(L26=[1]X!$A$5,[1]X!$B$5,0)+IF(L26=[1]X!$A$6,[1]X!$B$6,0)+IF(L26=[1]X!$A$7,[1]X!$B$7,0)+IF(L26=[1]X!$A$8,[1]X!$B$8,0)+IF(L26=[1]X!$A$9,[1]X!$B$9,0)+IF(L26=[1]X!$A$10,[1]X!$B$10,0)++IF(L26=[1]X!$A$11,[1]X!$B$11,0)+IF(L26=[1]X!$A$12,[1]X!$B$12,0)+IF(L26=[1]X!$A$13,[1]X!$B$13,0)+IF(L26=[1]X!$A$14,[1]X!$B$14,0)+IF(L26=[1]X!$A$15,[1]X!$B$15,0)+IF(L26=[1]X!$A$16,[1]X!$B$16,0)+IF(L26=[1]X!$A$17,[1]X!$B$17,0)+IF(L26=[1]X!$A$18,[1]X!$B$18,0)+IF(L26=[1]X!$A$19,[1]X!$B$19,0) -> 0 | P26: =IF(O26=[1]X!$A$2,[1]X!$B$2,0)+IF(O26=[1]X!$A$3,[1]X!$B$3,0)+IF(O26=[1]X!$A$4,[1]X!$B$4,0)+IF(O26=[1]X!$A$5,[1]X!$B$5,0)+IF(O26=[1]X!$A$6,[1]X!$B$6,0)+IF(O26=[1]X!$A$7,[1]X!$B$7,0)+IF(O26=[1]X!$A$8,[1]X!$B$8,0)+IF(O26=[1]X!$A$9,[1]X!$B$9,0)+IF(O26=[1]X!$A$10,[1]X!$B$10,0)++IF(O26=[1]X!$A$11,[1]X!$B$11,0)+IF(O26=[1]X!$A$12,[1]X!$B$12,0)+IF(O26=[1]X!$A$13,[1]X!$B$13,0)+IF(O26=[1]X!$A$14,[1]X!$B$14,0)+IF(O26=[1]X!$A$15,[1]X!$B$15,0)+IF(O26=[1]X!$A$16,[1]X!$B$16,0)+IF(O26=[1]X!$A$17,[1]X!$B$17,0)+IF(O26=[1]X!$A$18,[1]X!$B$18,0)+IF(O26=[1]X!$A$19,[1]X!$B$19,0) -> 0 | R26: Año 2005 | S26: =IF(R26=[1]X!$A$2,[1]X!$B$2,0)+IF(R26=[1]X!$A$3,[1]X!$B$3,0)+IF(R26=[1]X!$A$4,[1]X!$B$4,0)+IF(R26=[1]X!$A$5,[1]X!$B$5,0)+IF(R26=[1]X!$A$6,[1]X!$B$6,0)+IF(R26=[1]X!$A$7,[1]X!$B$7,0)+IF(R26=[1]X!$A$8,[1]X!$B$8,0)+IF(R26=[1]X!$A$9,[1]X!$B$9,0)+IF(R26=[1]X!$A$10,[1]X!$B$10,0)++IF(R26=[1]X!$A$11,[1]X!$B$11,0)+IF(R26=[1]X!$A$12,[1]X!$B$12,0)+IF(R26=[1]X!$A$13,[1]X!$B$13,0)+IF(R26=[1]X!$A$14,[1]X!$B$14,0)+IF(R26=[1]X!$A$15,[1]X!$B$15,0)+IF(R26=[1]X!$A$16,[1]X!$B$16,0)+IF(R26=[1]X!$A$17,[1]X!$B$17,0)+IF(R26=[1]X!$A$18,[1]X!$B$18,0)+IF(R26=[1]X!$A$19,[1]X!$B$19,0) -> 381500 | U26: Año 2004 | V26: =IF(U26=[1]X!$A$2,[1]X!$B$2,0)+IF(U26=[1]X!$A$3,[1]X!$B$3,0)+IF(U26=[1]X!$A$4,[1]X!$B$4,0)+IF(U26=[1]X!$A$5,[1]X!$B$5,0)+IF(U26=[1]X!$A$6,[1]X!$B$6,0)+IF(U26=[1]X!$A$7,[1]X!$B$7,0)+IF(U26=[1]X!$A$8,[1]X!$B$8,0)+IF(U26=[1]X!$A$9,[1]X!$B$9,0)+IF(U26=[1]X!$A$10,[1]X!$B$10,0)++IF(U26=[1]X!$A$11,[1]X!$B$11,0)+IF(U26=[1]X!$A$12,[1]X!$B$12,0)+IF(U26=[1]X!$A$13,[1]X!$B$13,0)+IF(U26=[1]X!$A$14,[1]X!$B$14,0)+IF(U26=[1]X!$A$15,[1]X!$B$15,0)+IF(U26=[1]X!$A$16,[1]X!$B$16,0)+IF(U26=[1]X!$A$17,[1]X!$B$17,0)+IF(U26=[1]X!$A$18,[1]X!$B$18,0)+IF(U26=[1]X!$A$19,[1]X!$B$19,0) -> 358000 | X26: Año 2017 | Y26: =IF(X26=[1]X!$A$2,[1]X!$B$2,0)+IF(X26=[1]X!$A$3,[1]X!$B$3,0)+IF(X26=[1]X!$A$4,[1]X!$B$4,0)+IF(X26=[1]X!$A$5,[1]X!$B$5,0)+IF(X26=[1]X!$A$6,[1]X!$B$6,0)+IF(X26=[1]X!$A$7,[1]X!$B$7,0)+IF(X26=[1]X!$A$8,[1]X!$B$8,0)+IF(X26=[1]X!$A$9,[1]X!$B$9,0)+IF(X26=[1]X!$A$10,[1]X!$B$10,0)++IF(X26=[1]X!$A$11,[1]X!$B$11,0)+IF(X26=[1]X!$A$12,[1]X!$B$12,0)+IF(X26=[1]X!$A$13,[1]X!$B$13,0)+IF(X26=[1]X!$A$14,[1]X!$B$14,0)+IF(X26=[1]X!$A$15,[1]X!$B$15,0)+IF(X26=[1]X!$A$16,[1]X!$B$16,0)+IF(X26=[1]X!$A$17,[1]X!$B$17,0)+IF(X26=[1]X!$A$18,[1]X!$B$18,0)+IF(X26=[1]X!$A$19,[1]X!$B$19,0) -> 737717 | AA26: Año 2011 | AB26: =IF(AA26=[1]X!$A$2,[1]X!$B$2,0)+IF(AA26=[1]X!$A$3,[1]X!$B$3,0)+IF(AA26=[1]X!$A$4,[1]X!$B$4,0)+IF(AA26=[1]X!$A$5,[1]X!$B$5,0)+IF(AA26=[1]X!$A$6,[1]X!$B$6,0)+IF(AA26=[1]X!$A$7,[1]X!$B$7,0)+IF(AA26=[1]X!$A$8,[1]X!$B$8,0)+IF(AA26=[1]X!$A$9,[1]X!$B$9,0)+IF(AA26=[1]X!$A$10,[1]X!$B$10,0)++IF(AA26=[1]X!$A$11,[1]X!$B$11,0)+IF(AA26=[1]X!$A$12,[1]X!$B$12,0)+IF(AA26=[1]X!$A$13,[1]X!$B$13,0)+IF(AA26=[1]X!$A$14,[1]X!$B$14,0)+IF(AA26=[1]X!$A$15,[1]X!$B$15,0)+IF(AA26=[1]X!$A$16,[1]X!$B$16,0)+IF(AA26=[1]X!$A$17,[1]X!$B$17,0)+IF(AA26=[1]X!$A$18,[1]X!$B$18,0)+IF(AA26=[1]X!$A$19,[1]X!$B$19,0) -> 535600 | AD26: Año 2017 | AE26: =IF(AD26=[1]X!$A$2,[1]X!$B$2,0)+IF(AD26=[1]X!$A$3,[1]X!$B$3,0)+IF(AD26=[1]X!$A$4,[1]X!$B$4,0)+IF(AD26=[1]X!$A$5,[1]X!$B$5,0)+IF(AD26=[1]X!$A$6,[1]X!$B$6,0)+IF(AD26=[1]X!$A$7,[1]X!$B$7,0)+IF(AD26=[1]X!$A$8,[1]X!$B$8,0)+IF(AD26=[1]X!$A$9,[1]X!$B$9,0)+IF(AD26=[1]X!$A$10,[1]X!$B$10,0)++IF(AD26=[1]X!$A$11,[1]X!$B$11,0)+IF(AD26=[1]X!$A$12,[1]X!$B$12,0)+IF(AD26=[1]X!$A$13,[1]X!$B$13,0)+IF(AD26=[1]X!$A$14,[1]X!$B$14,0)+IF(AD26=[1]X!$A$15,[1]X!$B$15,0)+IF(AD26=[1]X!$A$16,[1]X!$B$16,0)+IF(AD26=[1]X!$A$17,[1]X!$B$17,0)+IF(AD26=[1]X!$A$18,[1]X!$B$18,0)+IF(AD26=[1]X!$A$19,[1]X!$B$19,0) -> 737717
A27: Valor del contrato a tener en cuenta por participación en SMMLV | C27: =+C25/D26 -> 1133.6925 | I27: 0 | L27: 0 | O27: 0 | R27: =+R25/S26 -> 139.5317 | U27: =+U25/V26 -> 111.81969 | X27: =+X25/Y26 -> 570.02199 | AA27: =+AA25/AB26 -> 378.74832 | AD27: =+AD25/AE26 -> 216.88534
A28: Objeto del Contrato | C28: Realizar la interventoría administrativa, técnica y financiera al contrato de Encargo Fiduciario Nº 955 de 2008 (código 3-1-0405) celebrado entre el Ministerio de Educación Nacional - MEN Y la Sociedad Fiduciaria La Previsora S.A., cuyo objeto es: "Administrar los recursos provenientes del Sistema General de Participaciones -SGP, sector educación. | R28: Evaluar el desarrollo y operación de los procesos de facturación de las siguientes enpresas: ETB, como operador local y de larga distancia, Colombia Telecomunicaciones en los centros de facvturación Cartagena y Bogota y EPM Medellín | U28: Prestar sus servicios profesionales consistentes en realizar visitas de inspección y pruebas tendientes a determinar el grado de cumplimiento de la ley y la regulación en loo referente al proceso de tasdación utilizado por algunos de los operadores de telefonía pública basica conmutada local | X28: Realizar interventoria administrativa, tecnica, financiera, contable y juridica a los contratos de la prestacion del servicio de los operadores de la estrategia de acceso y a los operadores de los servicios en zona ofrecidos por computadores para educar para la vigencia 2016, para la region 2 conformada por los departamentos de amazonas, antioquia, caldas, chaqueta, huila, putumayo, quindio, risaralda, tolima, cauca, Choco, nariño, valle del cauca, los cuales corresponden a las regiones 3 pacifico y centro sur, y 4 eje cafetero - antioquia, de la estrategia de acceso y a la region 2 eje cafetero centro - sur pacifico de servicios en zona de acuerdo con lo dispuesto en los estufios previos, pliego de condiciones y sus anexos y la oferta presentada por el ontratista dentro del concurso de meritos no. 002 de 2016, los cuales hacen parte integral del contrato | AA28: Realizar la interventoria legal, financiera, adminsitrativa y técnica al contrato de cobranza de aportes parafiscales ley 21 | AD28: Auditar la ejecución de los recursos entregados por la Philip Morris a la Federación Nacional de Departamentos en el marco del Acuerdo de Inversiones y Cooperaicón AI&C
A29: Clasificación UNSPSC | C29: 80101504 | R29: 80101504 | U29: 80101504 | X29: 84111603 | AA29: 80101504 | AD29: 80101504
C30: 84111603 | R30: 84111603 | U30: 84111603 | AA30: 84111603 | AD30: 84111603
C31: 93151607 | U31: 93151607 | AD31: 93151607
A32: Salario mínimo legal vigente 2019 (Fuente: BANREP) | C32: 828116 | R32: 828116 | U32: 828116 | X32: 828116 | AA32: 828116 | AD32: 828116
A33: Valor del contrato a tener en cuenta (Actualizado a 2019) | C33: =+C32*C27 -> 9.3882887e+08 | I33: =+I32*I27 -> 0 | L33: =+L32*L27 -> 0 | O33: =+O32*O27 -> 0 | R33: =+R32*R27 -> 1.1554843e+08 | U33: =+U32*U27 -> 92599678 | X33: =+X32*X27 -> 4.7204433e+08 | AA33: =+AA32*AA27 -> 3.1364754e+08 | AD33: =+AD32*AD27 -> 1.7960622e+08
A34: Fecha de Inicio del Contrato (día, mes y año) | C34: 40787 | R34: 38341 | U34: 37972 | X34: 42586 | AA34: 40542 | AD34: 42856
A35: Fecha de Terminación del Contrato (día, mes y año) | C35: 41431 | R35: 38498 | U35: 38094 | X35: 42886 | AA35: 40816 | AD35: 42877
A36: Fecha de la expedición de la certificación | C36: 41990 | R36: 38581 | U36: 38154 | X36: 43252 | AA36: 41421 | AD36: 42937
A37: Folio de la certificación | C37: 6-11 | R37: 5-6 | U37: 17 | X37: 30 | AA37: 54-57 | AD37: 73
A38: Nombre y cargo de quien expide la certificación | C38: LUZ KARIME JAIMES BONILLA - SUBDIRECTORA DE CONTRATACION | R38: ADRIANA ROJAS RODRIGUEZ - COORDINADORA GRUPO DE CONTRATOS | U38: JULIETA RIVEROS GONZALEZ - COORDINADORA DEL GRUPO DE CONTRATOS | X38: ILIANA MARIA PINEDA ECHEVERRI - COORDINADORA CONTRATACIÓN | AA38: DUNIA SEMMIR MONTANEZ JIMENEZ - SUBDIRECTORA DE CONTRATACION | AD38: MARIA ANAYME BARON DURAN - SUBDIRECTORA ADMINISTRATIVA Y FINANCIERA
A39: Estado del contrato | C39: TERMINADO | R39: LIQUIDADO | U39: TERMINADO | X39: LIQUIDADO | AA39: TERMINADO | AD39: TERMINADO
A40: Observaciones o aclaraciones para subsanación del proponente | U40: El valor del contrato indicado en el Anxo No. 9 no corresponde al que se hace constar en la certificación anexa | X40: La certificación del contrato no establece la fecha de inicio del contrato y el Acta de Liquidación contiene una fecha que induce a error porque indica fecha posterior a la fecha de terminación del contrato. En estos documentos tampoco se señala el valor total del contrato, por tanto se calcula restando el saldo a liberar a favor de la entidad contratante y se verifica el valor con el RUP
A41: RELACIONADA EN EL ANEXO RESPECTIVO | C41: SI | I41: SI | L41: SI | O41: SI | R41: SI | U41: SI | X41: SI | AA41: SI | AD41: SI
A44: CUMPLE CON LA EXPERIENCIA MÍNIMA HABILITANTE | C44: =+IF(SUM($C$33:$H$33)>X!$M$2,"HABILITADO","NO HABILITADO") -> NO HABILITADO | D44: PRESUPUESTO PUNTUABLE
A45: CUMPLE CON LA EXPERIENCIA ADICIONAL | C45: =+IF(SUM($R$33:$AF$33)>(X!$M$2*0.3),"HABILITADO","NO HABILITADO") -> HABILITADO | D45: =SUM(R33:AF33) -> 1.1734462e+09
A47: PUNTAJE EXPERIENCIA ADICIONAL PROPONENTE
A48: Se requiere que el proponente acredite experiencia específica adicional en máximo cinco (5) certificaciones de contratos. iniciados, ejecutados y terminados antes de la fecha de fecha de cierre del presente proceso, cuyo objeto sea la auditoría de gestión y resultados, la cual deberá relacionarse en el correspondiente Anexo No. 11 EXPERIENCIA ADICIONAL DEL PROPONENTE del pliego de condiciones; así: 30% del presupuesto oficial - 50% del presupuesto oficial y 50% del presupuesto oficial
A50: PUNTAJE EXPERIENCIA ADICIONAL PROPONENTE
A51: PRESUPUESTO ADICIONAL AL REQUERIDO | B51: 0.3 | C51: 10
B52: 0.5 | C52: 20
B53: 1 | C53: 29
A54: PUNTAJE TOTAL | C54: =+IF(C45="HABILITADO",IF(D45<X!M6,0,IF(AND(D45>=X!M6,D45<X!M4),10,IF(AND(D45>=X!M4,D45<X!M2),20,IF(D45>=X!M2,29,""))))) -> 20

Sheet E. Profesionales Adic. P1
A6: ALCALDIA MAYOR DE BOGOTA D.C.
A7: SECRETARÍA DE EDUCACIÓN
A8: EVALUACIÓN TÉCNICA- ECONÓMICA: CONCURSO DE MERITOS No. SED-CM-DBE-110-2013
A9: EXPERIENCIA ADICIONAL
A11: Nombre del Proponente | B11: C&M CONSULTORES S.A
A12: Puntaje Experiencia Específica Adicional | B12: =SUM(B26,B44,B58,B72,B86,B100,B114) -> 22.525205
A14: Director de Proyecto | B14: Exp 1
A15: Nombre de la Entidad contratante | B15: UNE
A16: Persona Natural o Jurídica que ejecutó la Interventoría con Nº de NIT respectivo
A17: Nº de contrato y objeto del contrato de Interventoría
A18: Nombre completo y documento de identidad del profesional al cual certifica | B18: Edwin Acosta Giraldo
A19: Cargo ejercido en el desarrollo del contrato | B19: Jefe Area Administración Regional Centro
A20: Fecha de Inicio del contrato de Interventoría
A21: Fecha de Terminación del contrato de Interventoría
A22: Fecha de Inicio de labores ejercidas | B22: 40679
A23: Fecha de Terminación de labores | B23: 41654
A24: Tiempo de experiencia | B24: 1.8
A25: Cumplimiento contrato (1 Si; 0 No) | B25: 1
A26: Puntaje | B26: =B24 -> 1.8
A28: OBSERVACIONES
A29: Se tuvo en cuenta la experiencia
A32: Asesor en Transporte | B32: Exp 1 | C32: Exp 2 | D32: Exp 3 | F32: Exp 4
A33: Nombre de la Entidad contratante | B33: EPYPSA | C33: EPYPSA | D33: Transmilenio | F33: EPYPSA
A34: Persona Natural o Jurídica que ejecutó la Interventoría con Nº de NIT respectivo
A35: Nº de contrato y objeto del contrato de Interventoría
A36: Nombre completo y documento de identidad del profesional al cual certifica | B36: Sandra Lucía Navas Tequia | C36: Sandra Lucía Navas Tequia | F36: Sandra Lucía Navas Tequia
A37: Cargo ejercido en el desarrollo del contrato | B37: Asesor | C37: Director | D37: Asesor | F37: Plan maestro de movilidad en Barranquilla
A38: Fecha de Inicio del contrato de Interventoría
A39: Fecha de Terminación del contrato de Interventoría
A40: Fecha de Inicio de labores ejercidas | B40: 39479 | C40: 40452 | D40: 37581 | F40: 40805
A41: Fecha de Terminación de labores ejercidas | B41: 40451 | C41: 40512 | D41: 38069 | F41: 41425
A42: Tiempo de experiencia | B42: =((B41-B40)/365)-1.42 -> 1.2430137 | C42: =(C41-C40)/365 -> 0.16438356 | D42: =(D41-D40)/365 -> 1.3369863 | F42: =(F41-F40)/365 -> 1.6986301
A43: Cumplimiento contrato (1 Si; 0 No) | B43: 1 | C43: 1 | D43: 1 | F43: 1
A44: Puntaje | B44: =B42+C42+D42+F42+G42+H42+I42+J42 -> 4.4430137
A46: Abogado | B46: Exp 1
A47: Nombre de la Entidad contratante | B47: Secretaría de Transito y Transporte
A48: Persona Natural o Jurídica que ejecutó la Interventoría con Nº de NIT respectivo
A49: Nº de contrato y objeto del contrato de Interventoría
A50: Nombre completo y documento de identidad del profesional al cual certifica | B50: Gerardo Ariza Ariza
A51: Cargo ejercido en el desarrollo del contrato | B51: Asesor jurídico
A52: Fecha de Inicio del contrato de Interventoría
A53: Fecha de Terminación del contrato de Interventoría
A54: Fecha de Inicio de labores ejercidas | B54: 35902
A55: Fecha de Terminación de labores ejercidas | B55: 38919
A56: Tiempo de experiencia | B56: =((B55-B54)/365)-4 -> 4.2657534
A57: Cumplimiento contrato (1 Si; 0 No) | B57: 1
A58: Puntaje | B58: =B56 -> 4.2657534
A60: Coordinador Técnico Operativo | B60: Exp 1
A61: Nombre de la Entidad contratante | B61: GRUPO INTEGRAL EMPRESARIAL S.A.S
A62: Persona Natural o Jurídica que ejecutó la Interventoría con Nº de NIT respectivo | B62: 900164491-1
A63: Nº de contrato y objeto del contrato de Interventoría
A64: Nombre completo y documento de identidad del profesional al cual certifica | B64: Mauricio Gomez Dominguez
A65: Cargo ejercido en el desarrollo del contrato | B65: Responsable de la flota de vehículos entregada a la empresaen comodato por SABMiller
A66: Fecha de Inicio del contrato de Interventoría
A67: Fecha de Terminación del contrato de Interventoría
A68: Fecha de Inicio de labores ejercidas | B68: 39293
A69: Fecha de Terminación de labores ejercidas | B69: 41647
A70: Tiempo de experiencia | B70: =((B69-B68)/365)-5 -> 1.4493151
A71: Cumplimiento contrato (1 Si; 0 No) | B71: 1
A72: Puntaje | B72: =B70 -> 1.4493151
A74: Coordinador Técnico Operativo | B74: Exp 1
A75: Nombre de la Entidad contratante | B75: UNIÓN TEMPORAL FENIX
A76: Persona Natural o Jurídica que ejecutó la Interventoría con Nº de NIT respectivo
A77: Nº de contrato y objeto del contrato de Interventoría | B77: 095 de 2002
A78: Nombre completo y documento de identidad del profesional al cual certifica | B78: Victor Manuel Pinto Cortes
A79: Cargo ejercido en el desarrollo del contrato | B79: Gerente
A80: Fecha de Inicio del contrato de Interventoría
A81: Fecha de Terminación del contrato de Interventoría
A82: Fecha de Inicio de labores ejercidas | B82: 37549
A83: Fecha de Terminación de labores ejercidas | B83: 39864
A84: Tiempo de experiencia | B84: =((B83-B82)/365)-5 -> 1.3424658
A85: Cumplimiento contrato (1 Si; 0 No) | B85: 1
A86: Puntaje | B86: =B84 -> 1.3424658
A88: Coordinador Adtivo | B88: Exp 1
A89: Nombre de la Entidad contratante | B89: AMEZQUITA & CIA S.A
A90: Persona Natural o Jurídica que ejecutó la Interventoría con Nº de NIT respectivo | B90: 860023380-3
A91: Nº de contrato y objeto del contrato de Interventoría
A92: Nombre completo y documento de identidad del profesional al cual certifica
A93: Cargo ejercido en el desarrollo del contrato
A94: Fecha de Inicio del contrato de Interventoría
A95: Fecha de Terminación del contrato de Interventoría
A96: Fecha de Inicio de labores ejercidas | B96: 38718
A97: Fecha de Terminación de labores ejercidas | B97: 40625
A98: Tiempo de experiencia | B98: =((B97-B96)/365)-1 -> 4.2246575
A99: Cumplimiento contrato (1 Si; 0 No) | B99: 1
A100: Puntaje | B100: =B98 -> 4.2246575
A102: Prof en Vehiculos | B102: Exp 1
A103: Nombre de la Entidad contratante | B103: COSA COLOMBIA S.A
A104: Persona Natural o Jurídica que ejecutó la Interventoría con Nº de NIT respectivo | B104: 800252912-5
A105: Nº de contrato y objeto del contrato de Interventoría
A106: Nombre completo y documento de identidad del profesional al cual certifica | B106: Blanca Cilia Poveda Gonzalez
A107: Cargo ejercido en el desarrollo del contrato
A108: Fecha de Inicio del contrato de Interventoría
A109: Fecha de Terminación del contrato de Interventoría
A110: Fecha de Inicio de labores ejercidas | B110: 36189
A111: Fecha de Terminación de labores ejercidas | B111: 40785
A112: Tiempo de experiencia | B112: =((B111-B110)/365)-6 -> 6.5917808
A113: Cumplimiento contrato (1 Si; 0 No) | B113: 1
A114: Puntaje | B114: =MIN(SUMIFS(B112:J112,B113:J113,1),5) -> 5

Sheet E. Profesionales Adic. P 2
A6: ALCALDIA MAYOR DE BOGOTA D.C.
A7: SECRETARÍA DE EDUCACIÓN
A8: EVALUACIÓN TÉCNICA- ECONÓMICA: CONCURSO DE MERITOS No. SED-CM-DBE-110-2013
A9: EXPERIENCIA ADICIONAL
A11: Nombre del Proponente | B11: SERVICIOS Y SOLUCIONES SEGURAS S.A.S
A12: Puntaje Experiencia Específica Adicional | B12: =SUM(B26,B40,B54,B68,B82,B96,B110) -> 27.019178
A14: Director de Proyecto | B14: Exp 1 | C14: Exp 2 | D14: Exp 3 | E14: Exp 4
A15: Nombre de la Entidad contratante | B15: SERVICIOS & SOLUCIONES SEGURAS S.A.S
A16: Persona Natural o Jurídica que ejecutó la Interventoría con Nº de NIT respectivo | B16: 830055541-0 | C16: 830055541-0 | D16: 830055541-0 | E16: 830055541-0
A17: Nº de contrato y objeto del contrato de Interventoría | B17: 207 de 2009 | C17: 124 de 2011 | D17: 288 de 2012 | E17: 001 de 2005
A18: Nombre completo y documento de identidad del profesional al cual certifica | B18: Lisandro Junco Espinosa | C18: Lisandro Junco Espinosa | D18: Lisandro Junco Espinosa | E18: Lisandro Junco Espinosa
A19: Cargo ejercido en el desarrollo del contrato
A20: Fecha de Inicio del contrato de Interventoría
A21: Fecha de Terminación del contrato de Interventoría
A22: Fecha de Inicio de labores ejercidas | B22: 39990 | C22: 40909 | D22: 41239 | E22: 38353
A23: Fecha de Terminación de labores ejercidas | B23: 40908 | C23: 41229 | D23: 41656 | E23: 39989
A24: Tiempo de experiencia | B24: =(B23-B22)/365 -> 2.5150685 | C24: =(C23-C22)/365 -> 0.87671233 | D24: =(D23-D22)/365 -> 1.1424658 | E24: =(E23-E22)/365 -> 4.4821918
A25: Cumplimiento contrato (1 Si; 0 No) | B25: 1 | C25: 1 | D25: 1 | E25: 1
A26: Puntaje | B26: =MIN(SUMIFS(B24:J24,B25:J25,1),5) -> 5
A28: Asesor en Transporte | B28: Exp 1 | D28: Exp 2
A29: Nombre de la Entidad contratante | B29: SERVICIOS & SOLUCIONES SEGURAS
A30: Persona Natural o Jurídica que ejecutó la Interventoría con Nº de NIT respectivo | B30: 830055541-0 | D30: 830055541-0
A31: Nº de contrato y objeto del contrato de Interventoría | B31: 124 de 2011 | D31: 288 de 2012
A32: Nombre completo y documento de identidad del profesional al cual certifica | B32: Saieth Baudilio Chaves Pabon | D32: Saieth Baudilio Chaves Pabon
A33: Cargo ejercido en el desarrollo del contrato
A34: Fecha de Inicio del contrato de Interventoría
A35: Fecha de Terminación del contrato de Interventoría
A36: Fecha de Inicio de labores ejercidas | B36: 40909 | D36: 41239
A37: Fecha de Terminación de labores ejercidas | B37: 41229 | D37: 41656
A38: Tiempo de experiencia | B38: =(B37-B36)/365 -> 0.87671233 | D38: =(D37-D36)/365 -> 1.1424658
A39: Cumplimiento contrato (1 Si; 0 No) | B39: 1 | D39: 1
A40: Puntaje | B40: =B38+D38 -> 2.0191781
A42: Abogado | B42: Exp 1 | D42: Exp 2
A43: Nombre de la Entidad contratante | B43: SERVICIOS & SOLUCIONES SEGURAS
A44: Persona Natural o Jurídica que ejecutó la Interventoría con Nº de NIT respectivo | B44: 830055541-0 | D44: 830055541-0
A45: Nº de contrato y objeto del contrato de Interventoría | B45: 207 de 2009 | D45: 124 de 2011
A46: Nombre completo y documento de identidad del profesional al cual certifica
A47: Cargo ejercido en el desarrollo del contrato | B47: Contratista | D47: Contratista
A48: Fecha de Inicio del contrato de Interventoría
A49: Fecha de Terminación del contrato de Interventoría
A50: Fecha de Inicio de labores ejercidas | B50: 39990 | D50: 40700
A51: Fecha de Terminación de labores ejercidas | B51: 40699 | D51: 41229
A52: Tiempo de experiencia | B52: =(B51-B50)/365 -> 1.9424658 | D52: =(D51-D50)/365 -> 1.4493151
A53: Cumplimiento contrato (1 Si; 0 No) | B53: 0 | D53: 0
A54: Puntaje | B54: 0
A56: Coordinador Técnico Operativo | B56: Exp 1 | D56: Exp 2
A57: Nombre de la Entidad contratante | B57: SERVICIOS & SOLUCIONES SEGURAS
A58: Persona Natural o Jurídica que ejecutó la Interventoría con Nº de NIT respectivo | B58: 830055541-0 | D58: 830055541-0
A59: Nº de contrato y objeto del contrato de Interventoría | B59: 001 de 2005 | D59: 288 de 2012
A60: Nombre completo y documento de identidad del profesional al cual certifica | B60: Claudia Marcela Espinosa Gamba | D60: Claudia Marcela Espinosa Gamba
A61: Cargo ejercido en el desarrollo del contrato | B61: Coordinadora de transporte
A62: Fecha de Inicio del contrato de Interventoría
A63: Fecha de Terminación del contrato de Interventoría
A64: Fecha de Inicio de labores ejercidas | B64: 38993 | D64: 41239
A65: Fecha de Terminación de labores ejercidas | B65: 41639 | D65: 41656
A66: Tiempo de experiencia | B66: =(B65-B64)/365 -> 7.2493151 | D66: =(D65-D64)/365 -> 1.1424658
A67: Cumplimiento contrato (1 Si; 0 No) | B67: 1 | D67: 1
A68: Puntaje | B68: =MIN(SUMIFS(B66:J66,B67:J67,1),5) -> 5
A70: Coordinador Técnico Operativo | B70: Exp 1 | D70: Exp 2
A71: Nombre de la Entidad contratante | B71: SERVICIOS & SOLUCIONES SEGURAS
A72: Persona Natural o Jurídica que ejecutó la Interventoría con Nº de NIT respectivo | B72: 830055541-0 | D72: 830055541-0
A73: Nº de contrato y objeto del contrato de Interventoría | B73: 001 de 2005 | D73: 288 de 2012
A74: Nombre completo y documento de identidad del profesional al cual certifica | B74: Jaime Guzman Posada | D74: Jaime Guzman Posada
A75: Cargo ejercido en el desarrollo del contrato
A76: Fecha de Inicio del contrato de Interventoría
A77: Fecha de Terminación del contrato de Interventoría
A78: Fecha de Inicio de labores ejercidas | B78: 38353 | D78: 41239
A79: Fecha de Terminación de labores ejercidas | B79: 40699 | D79: 41656
A80: Tiempo de experiencia | B80: =(B79-B78)/365 -> 6.4273973 | D80: =(D79-D78)/365 -> 1.1424658
A81: Cumplimiento contrato (1 Si; 0 No) | B81: 1 | D81: 1
A82: Puntaje | B82: =MIN(SUMIFS(B80:J80,B81:J81,1),5) -> 5
A84: Coordinador Adtivo | B84: Exp 1 | C84: Exp 2 | D84: Exp 3 | E84: Exp 4 | F84: Exp 5 | H84: Exp 6
A85: Nombre de la Entidad contratante | B85: BBVA FIDUCIARIA S.A | C85: JAHV MCGREGOR LDTA | D85: KPMG | E85: KPMG | F85: SERVICIOS & SOLUCIONES SEGURAS
A86: Persona Natural o Jurídica que ejecutó la Interventoría con Nº de NIT respectivo | F86: 830055541-0 | H86: 830055541-0
A87: Nº de contrato y objeto del contrato de Interventoría | F87: 124 de 2011 | H87: 288 de 2012
A88: Nombre completo y documento de identidad del profesional al cual certifica | B88: Juan Carlos Ruiz Bohorquez | C88: Juan Carlos Ruiz Bohorquez | D88: Juan Carlos Ruiz Bohorquez | E88: Juan Carlos Ruiz Bohorquez | F88: Juan Carlos Ruiz Bohorquez | H88: Juan Carlos Ruiz Bohorquez
A89: Cargo ejercido en el desarrollo del contrato
A90: Fecha de Inicio del contrato de Interventoría
A91: Fecha de Terminación del contrato de Interventoría
A92: Fecha de Inicio de labores ejercidas | B92: 35187 | C92: 37690 | D92: 37332 | E92: 37557 | F92: 40909 | H92: 41239
A93: Fecha de Terminación de labores ejercidas | B93: 36433 | C93: 37955 | D93: 37485 | E93: 37680 | F93: 41229 | H93: 41656
A94: Tiempo de experiencia | B94: =(B93-B92)/365 -> 3.4136986 | C94: =(C93-C92)/365 -> 0.7260274 | D94: =(D93-D92)/365 -> 0.41917808 | E94: =(E93-E92)/365 -> 0.3369863 | F94: =(F93-F92)/365 -> 0.87671233 | H94: =(H93-H92)/365 -> 1.1424658
A95: Cumplimiento contrato (1 Si; 0 No) | B95: 1 | C95: 1 | D95: 1 | E95: 1 | F95: 1 | H95: 1
A96: Puntaje | B96: =MIN(SUMIFS(B94:J94,B95:J95,1),5) -> 5
A98: Prof en Vehiculos | B98: Exp 1
A99: Nombre de la Entidad contratante | B99: SERVICIOS & SOLUCIONES SEGURAS S.A.S
A100: Persona Natural o Jurídica que ejecutó la Interventoría con Nº de NIT respectivo | B100: 830055541-0
A101: Nº de contrato y objeto del contrato de Interventoría | B101: 001 de 2005
A102: Nombre completo y documento de identidad del profesional al cual certifica | B102: Miguel Antonio Suarez Pava
A103: Cargo ejercido en el desarrollo del contrato
A104: Fecha de Inicio del contrato de Interventoría
A105: Fecha de Terminación del contrato de Interventoría
A106: Fecha de Inicio de labores ejercidas | B106: 38353
A107: Fecha de Terminación de labores ejercidas | B107: 40724
A108: Tiempo de experiencia | B108: =(B107-B106)/365 -> 6.4958904
A109: Cumplimiento contrato (1 Si; 0 No) | B109: 1
A110: Puntaje | B110: =MIN(SUMIFS(B108:J108,B109:J109,1),5) -> 5

Sheet E. Profesionales Adic. P3
A6: ALCALDIA MAYOR DE BOGOTA D.C.
A7: SECRETARÍA DE EDUCACIÓN
A8: EVALUACIÓN TÉCNICA- ECONÓMICA: CONCURSO DE MERITOS No. SED-CM-DBE-110-2013
A9: EXPERIENCIA ADICIONAL
A11: Nombre del Proponente | B11: UT INTERVENTORES EXPRESS
A12: Puntaje Experiencia Específica Adicional | B12: =SUM(B26,B40,B54,B68,B82,B96,B110) -> 22.358904
A14: Director de Proyecto | B14: Exp 1
A15: Nombre de la Entidad contratante | B15: ALCALDE MUNICIPAL DE MEDINA
A16: Persona Natural o Jurídica que ejecutó la Interventoría con Nº de NIT respectivo | B16: ALCALDE MUNICIPAL DE MEDINA NIT 899999470-8
A17: Nº de contrato y objeto del contrato de Interventoría | B17: ASESOR DESPEÑANDO FUNCIONES DE INTERVENTOR EN LOS DIFERENTES CONTRATOS FIRMADOS POR EL MUNICIPIO, ENTRE ELLOS SERVICIO DE ASEO Y DE TRANSPORTE ESCOLAR
A18: Nombre completo y documento de identidad del profesional al cual certifica | B18: GUILLERMO ANTONIO RINCON PINTO CC19266942 DE BOGOTA
A19: Cargo ejercido en el desarrollo del contrato | B19: Interventor de contratos (transporte)
A20: Fecha de Inicio del contrato de Interventoría | B20: 37316
A21: Fecha de Terminación del contrato de Interventoría | B21: 39445
A22: Fecha de Inicio de labores ejercidas | B22: 37316
A23: Fecha de Terminación de labores ejercidas | B23: 39445
A24: Tiempo de experiencia | B24: =((B23-B22)/365)-4 -> 1.8328767
A25: Cumplimiento contrato (1 Si; 0 No) | B25: 1
A26: Puntaje | B26: =B24 -> 1.8328767
A28: Asesor en Transporte | B28: Exp 1
A29: Nombre de la Entidad contratante | B29: COOTRACAIME
A30: Persona Natural o Jurídica que ejecutó la Interventoría con Nº de NIT respectivo | B30: COOTRACAIME NIT 8907006779
A31: Nº de contrato y objeto del contrato de Interventoría | B31: SERVICIOS PROFESIONALES COMO CONSULTOR EN LA ORGANIZACIÓN DEL SERVICIO DE TRANSPORTE PUBLICO
A32: Nombre completo y documento de identidad del profesional al cual certifica | B32: LUIS FELIPE ANZOLA PACHON CC 79347007 DE BOGOTA
A33: Cargo ejercido en el desarrollo del contrato de Interventoría certificado por parte del profesional certificado | B33: CONSULTOR
A34: Fecha de Inicio del contrato de Interventoría | B34: 34196
A35: Fecha de Terminación del contrato de Interventoría | B35: 38503
A36: Fecha de Inicio de labores ejercidas | B36: 34196
A37: Fecha de Terminación de labores ejercidas | B37: 38503
A38: Tiempo de experiencia | B38: =((B37-B36)/365)-10 -> 1.8
A39: Cumplimiento contrato (1 Si; 0 No) | B39: 1
A40: Puntaje | B40: =B38 -> 1.8
A42: Abogado | B42: Exp 1
A43: Nombre de la Entidad contratante | B43: Transporte Esivans
A44: Persona Natural o Jurídica que ejecutó la Interventoría con Nº de NIT respectivo | B44: TRANSPORTE ESIVANS SAS 830102646-7
A45: Nº de contrato y objeto del contrato de Interventoría | B45: ABOGADO ASESOR EN TEMAS RELACIONADOS CON LA CONTRATACION
A46: Nombre completo y documento de identidad del profesional al cual certifica | B46: ALVARO SOTO SAAVEDRA
A47: Cargo ejercido en el desarrollo del contrato | B47: Abogado asesor
A48: Fecha de Inicio del contrato de Interventoría | B48: 38429
A49: Fecha de Terminación del contrato de Interventoría | B49: 41243
A50: Fecha de Inicio de labores ejercidas | B50: 38429
A51: Fecha de Terminación de labores ejercidas | B51: 41243
A52: Tiempo de experiencia | B52: =(B51-B50)/365-1 -> 6.709589
A53: Cumplimiento contrato (1 Si; 0 No) | B53: 1
A54: Puntaje | B54: =MIN(SUMIFS(B52:J52,B53:J53,1),5) -> 5
A56: Coordinador Técnico Operativo | B56: Exp 1
A57: Nombre de la Entidad contratante | B57: TRANSPORTES ESIVANS
A58: Persona Natural o Jurídica que ejecutó la Interventoría con Nº de NIT respectivo | B58: TRANSPORTES ESIVANS NIT 830102646-7
A59: Nº de contrato y objeto del contrato de Interventoría | B59: ASESOR Y COORDINADOR DEL SERVICIO DE TRANSPORTE PUBLICO EN LA EMPRESA
A60: Nombre completo y documento de identidad del profesional al cual certifica | B60: LUIS ROJAS BOTÍA CC19147137 DE BOGOTA
A61: Cargo ejercido en el desarrollo del contrato de Interventoría certificado por parte del profesional certificado | B61: ASESOR Y COORDINADOR
A62: Fecha de Inicio del contrato de Interventoría | B62: 37316
A63: Fecha de Terminación del contrato de Interventoría | B63: 40421
A64: Fecha de Inicio de labores ejercidas | B64: 37316
A65: Fecha de Terminación de labores ejercidas | B65: 40421
A66: Tiempo de experiencia | B66: =((B65-B64)/365)-5 -> 3.5068493
A67: Cumplimiento contrato (1 Si; 0 No) | B67: 1
A68: Puntaje | B68: =B66 -> 3.5068493
A70: Coordinador Técnico Operativo | B70: Exp 1
A71: Nombre de la Entidad contratante | B71: 5 EXPRESS
A72: Persona Natural o Jurídica que ejecutó la Interventoría con Nº de NIT respectivo | B72: 5 EXPRESS NIT 898100110-8
A73: Nº de contrato y objeto del contrato de Interventoría | B73: ASESOR EN LA COORDINACIÓN DEL TRANSPORTE
A74: Nombre completo y documento de identidad del profesional al cual certifica | B74: BIENVENIDO LEDESMA ROMERO CC79904085 DE BOGOTA
A75: Cargo ejercido en el desarrollo del contrato | B75: ASESOR - COORDINADOR
A76: Fecha de Inicio del contrato de Interventoría | B76: 38473
A77: Fecha de Terminación del contrato de Interventoría | B77: 41424
A78: Fecha de Inicio de labores ejercidas | B78: 38473
A79: Fecha de Terminación de labores ejercidas | B79: 41424
A80: Tiempo de experiencia | B80: =((B79-B78)/365)-5 -> 3.0849315
A81: Cumplimiento contrato (1 Si; 0 No) | B81: 1
A82: Puntaje | B82: =B80 -> 3.0849315
A84: Coordinador Adtivo | B84: Exp 1
A85: Nombre de la Entidad contratante | B85: TRANSPORTES ESIVANS
A86: Persona Natural o Jurídica que ejecutó la Interventoría con Nº de NIT respectivo | B86: TRANSPORTES ESIVANS NIT 830102646-7
A87: Nº de contrato y objeto del contrato de Interventoría | B87: ASESOR CONTABLE DE LA EMPRESA
A88: Nombre completo y documento de identidad del profesional al cual certifica | B88: JOSE ANGEL MARTIN AVILA CC 3274201 DE CUMARAL META
A89: Cargo ejercido en el desarrollo del contrato de Interventoría certificado por parte del profesional certificado | B89: ASESOR CONTABLE
A90: Fecha de Inicio del contrato de Interventoría | B90: 37316
A91: Fecha de Terminación del contrato de Interventoría | B91: 40421
A92: Fecha de Inicio de labores ejercidas | B92: 37316
A93: Fecha de Terminación de labores ejercidas | B93: 40421
A94: Tiempo de experiencia | B94: =((B93-B92)/365)-5 -> 3.5068493
A95: Cumplimiento contrato (1 Si; 0 No) | B95: 1
A96: Puntaje | B96: =B94 -> 3.5068493
A98: Prof en Vehiculos | B98: Exp 1
A99: Nombre de la Entidad contratante | B99: TRANSPORTES RINCON
A100: Persona Natural o Jurídica que ejecutó la Interventoría con Nº de NIT respectivo | B100: TRANSPORTES RINCON NIT
A101: Nº de contrato y objeto del contrato de Interventoría | B101: ASESOR EN LA PLANEACION DISEÑO Y EJECUCION DE RUTAS Y SEGUIMIENTO Y CONTROL DE SERVICIO DE TRANSPORTE
A102: Nombre completo y documento de identidad del profesional al cual certifica | B102: JAIME FONSECA CORTES CC 17132134
A103: Cargo ejercido en el desarrollo del contrato de Interventoría certificado por parte del profesional certificado | B103: ASESOR
A104: Fecha de Inicio del contrato de Interventoría | B104: 35081
A105: Fecha de Terminación del contrato de Interventoría | B105: 38230
A106: Fecha de Inicio de labores ejercidas | B106: 35081
A107: Fecha de Terminación de labores ejercidas | B107: 38230
A108: Tiempo de experiencia | B108: =((B107-B106)/365)-5 -> 3.6273973
A109: Cumplimiento contrato (1 Si; 0 No) | B109: 1
A110: Puntaje | B110: =B108 -> 3.6273973

Sheet E. Profesionales Adic. P4
A6: ALCALDIA MAYOR DE BOGOTA D.C.
A7: SECRETARÍA DE EDUCACIÓN
A8: EVALUACIÓN TÉCNICA- ECONÓMICA: CONCURSO DE MERITOS No. SED-CM-DBE-110-2013
A9: EXPERIENCIA ADICIONAL
A11: Nombre del Proponente | B11: TPD INGENIERIA S.A.
A12: Puntaje Experiencia Específica Adicional | B12: =SUM(B26,B40,B54,B68,B82,B96,B110) -> 31.345205
A14: Director de Proyecto | B14: Exp 1 | C14: Exp 2 | D14: Exp 3 | E14: Exp 4 | F14: Exp 5 | G14: Exp 6 | H14: Exp 7 | I14: Exp 8 | J14: Exp 9 | K14: Exp 10 | L14: Exp 11 | M14: Exp 12 | N14: Exp 13 | O14: Exp 14 | P14: Exp 15 | Q14: Exp 16 | R14: Exp 17 | S14: Exp 18 | T14: Exp 19
A15: Nombre de la Entidad contratante | B15: Programa de Naciones Unidas para el desarrollo | C15: STT | D15: STT | E15: DAPD | F15: Min. Trans. | G15: STT | H15: CC Bta | I15: CC Bta | J15: TPD Ing. | K15: TPD Ing. | L15: TPD Ing. | M15: TPD Ing. | N15: TPD Ing. | O15: TPD Ing. | P15: TPD Ing. | Q15: TPD Ing. | R15: TPD Ing. | S15: TPD Ing. | T15: TPD Ing.
A16: Persona Natural o Jurídica que ejecutó la Interventoría con Nº de NIT respectivo | B16: PROGRAMA DE NACIONES UNIDAS PARA EL DESARROLLO | C16: SECRETARIA DE TRANSITO Y TRANSPORTE DE BOGOTA | D16: SECRETARIA DE TRANSITO Y TRANSPORTE DE BOGOTA | E16: DEPARTAMENTO ADMINISTRATIVO DE PLANEACION DISTRITAL | F16: MINISTERIO DE TRANSPORTE | G16: SECRETARIA DE TRANSITO Y TRANSPORTE DE BOGOTA | H16: CAMARA DE COMERCIO DE BOGOTA | I16: CAMARA DE COMERCIO DE BOGOTA | J16: TRANSPORTE PLANEACION DISEÑO E INGENIERIA | K16: TRANSPORTE PLANEACION DISEÑO E INGENIERIA | L16: TRANSPORTE PLANEACION DISEÑO E INGENIERIA | M16: TRANSPORTE PLANEACION DISEÑO E INGENIERIA | N16: TRANSPORTE PLANEACION DISEÑO E INGENIERIA | O16: TRANSPORTE PLANEACION DISEÑO E INGENIERIA | P16: TRANSPORTE PLANEACION DISEÑO E INGENIERIA | Q16: TRANSPORTE PLANEACION DISEÑO E INGENIERIA | R16: TRANSPORTE PLANEACION DISEÑO E INGENIERIA | S16: TRANSPORTE PLANEACION DISEÑO E INGENIERIA | T16: TRANSPORTE PLANEACION DISEÑO E INGENIERIA
A17: Nº de contrato y objeto del contrato de Interventoría | B17: COORDINADOR GENERAL DEL PROYECTO DE DESARROLLO INTEGRAL DE ASENTAMIENTOS POPULARES | C17: JEFE DE UNIDAD DE OPERACIONES TRONCALES | D17: JEFE DE UNIDAD DE TRANSPORTE PUBLICO | E17: CONTRATO DE CONSULTORIA PARA RECOLECTAR Y PROCESAR INFORMACION REQUERIDA PARA EL ESTUDIO DE FACTIBILIDAD E IMPLEMENTACION DE RUTAS CIRCULARES DE TRANSPORTE PUBLICO EN BOGOTA | F17: CONTRATO DE CONSULTORIA Nº 00213 DE 1996 | G17: CONTRATO 035 DE 1998 | H17: CONTRATO DE PRESTACION DE SERVICIOS 665 DE 1998 | I17: CONTRATO DE PRESTACION DE SERVICIOS 055 DE 1999 | J17: ESTUDIO DE TRANSITO Y TRANSPORTE DEL AREA METROPOLITANA EN PEREIRA | K17: CONTRATO DE CONSULTORIA 116 DE 2005 | L17: CARACTERIZACION DE LA MOVILIDAD DEL MUNICIPIO DE NEIVA | M17: CONTRATO 2008 -0109 ANALIZAR CRUCES VIALES | N17: CONTRATO DE CONSULTORIA 104 DE 2009 | O17: CONTRATO DE CONSULTORIA 151 DE 2009 | P17: CONTRATO 2010-0097 ESTUDIO DE MOVILIDAD AL INTERIOR DEL METRO CABLE | Q17: CONTRATO 224 ELABORACION DE UN PLAN MAESTRO DE MOVILIDAD | R17: OFERTA MERCANTIL 001 DE 2011 | S17: CONTRATO DE CONSULTORIA Nº 0159 DE 2011 000176 | T17: CONTRATO DE CONSULTORIA 2012-1720
A18: Nombre completo y documento de identidad del profesional al cual certifica | B18: ALFREDO ARDILA ARIZA | C18: ALFREDO ARDILA ARIZA | D18: ALFREDO ARDILA ARIZA | E18: ALFREDO ARDILA ARIZA | F18: ALFREDO ARDILA ARIZA | G18: ALFREDO ARDILA ARIZA | H18: ALFREDO ARDILA ARIZA | I18: ALFREDO ARDILA ARIZA | J18: ALFREDO ARDILA ARIZA | K18: ALFREDO ARDILA ARIZA | L18: ALFREDO ARDILA ARIZA | M18: ALFREDO ARDILA ARIZA | N18: ALFREDO ARDILA ARIZA | O18: ALFREDO ARDILA ARIZA | P18: ALFREDO ARDILA ARIZA | Q18: ALFREDO ARDILA ARIZA | R18: ALFREDO ARDILA ARIZA | S18: ALFREDO ARDILA ARIZA | T18: ALFREDO ARDILA ARIZA
A19: Cargo ejercido en el desarrollo del contrato de Interventoría certificado por parte del profesional certificado | B19: Coordinador general del proyecto de desarrollo integral de asentamientos populares | C19: Jefe de unidad de operaciones troncales | D19: Jefe de unidad de transporte público | E19: Director | F19: Director | G19: Director | H19: Director | I19: Director | J19: Director de proyecto | Q19: Subdirector técnico | R19: Director de proyecto
A20: Fecha de Inicio del contrato de Interventoría | B20: 32804 | C20: 33820 | D20: 34173 | E20: 35363 | F20: 35376 | G20: 35989 | H20: 36054 | I20: 36251 | J20: 36992 | K20: 38671 | L20: 39114 | M20: 39777 | N20: 40102 | O20: 40177 | P20: 40317 | Q20: 40498 | R20: 40607 | S20: 40800 | T20: 41320
A21: Fecha de Terminación del contrato de Interventoría | B21: 33819 | C21: 34172 | D21: 34407 | E21: 35394 | F21: 35406 | G21: 36019 | H21: 36145 | I21: 36403 | J21: 37057 | K21: 38971 | L21: 39295 | M21: 39869 | N21: 40178 | O21: 40428 | P21: 40521 | Q21: 40862 | R21: 40667 | S21: 41182 | T21: 41607
A22: Fecha de Inicio de labores ejercidas | B22: 32804 | C22: 33820 | D22: 34173 | E22: 35363 | F22: 35376 | G22: 35989 | H22: 36054 | I22: 36251 | J22: 36992 | K22: 38671 | L22: 39114 | M22: 39777 | N22: 40102 | O22: 40177 | P22: 40317 | Q22: 40498 | R22: 40607 | S22: 40800 | T22: 41320
A23: Fecha de Terminación de labores ejercidas | B23: 33819 | C23: 34172 | D23: 34407 | E23: 35394 | F23: 35406 | G23: 36019 | H23: 36145 | I23: 36403 | J23: 37057 | K23: 38971 | L23: 39295 | M23: 39869 | N23: 40178 | O23: 40428 | P23: 40521 | Q23: 40862 | R23: 40667 | S23: 41182 | T23: 41607
A24: Tiempo de experiencia | B24: =(B23-B22)/365 -> 2.7808219 | C24: =(C23-C22)/365 -> 0.96438356 | D24: =(D23-D22)/365 -> 0.64109589 | E24: =(E23-E22)/365 -> 0.084931507 | F24: =(F23-F22)/365 -> 0.082191781 | G24: =(G23-G22)/365 -> 0.082191781 | H24: =(H23-H22)/365 -> 0.24931507 | I24: =(I23-I22)/365 -> 0.41643836 | ... T24: =(T23-T22)/365 -> 0.78630137
A25: Cumplimiento contrato (1 Si; 0 No) | B25: 1 | C25: 1 | D25: 1 | E25: 1 | F25: 1 | G25: 1 | H25: 1 | I25: 1 | J25: 1 | K25: 1 | L25: 1 | M25: 1 | N25: 1 | O25: 1 | P25: 1 | Q25: 1 | R25: 1 | S25: 1 | T25: 1
A26: Puntaje | B26: =MIN(SUMIFS(B24:J24,B25:J25,1),5) -> 5
A28: Asesor en Transporte | B28: Exp 1 | C28: Exp 2 | D28: Exp 3 | E28: Exp 4 | F28: Exp 5 | G28: Exp 6 | H28: Exp 7 | I28: Exp 8 | J28: Exp 9 | K28: Exp 10 | L28: Exp 11 | M28: Exp 12 | N28: Exp 13 | O28: Exp 14 | P28: Exp 15 | Q28: Exp 16 | R28: Exp 17 | S28: Exp 18 | T28: Exp 19 | U28: Exp 20 | V28: Exp 21 | W28: Exp 23
A29: Nombre de la Entidad contratante | B29: STT | C29: STT | D29: STT | E29: STT | F29: Logitrans | G29: Logitrans | H29: Logitrans | I29: Logitrans | J29: Logitrans | K29: Logitrans | L29: Logitrans | M29: Logitrans | N29: Logitrans | O29: Logitrans | P29: Logitrans | Q29: Logitrans | R29: Mov. Sostenible | S29: Sec. Plan. | T29: Logitrans | U29: Sec. Plan. | V29: Transmetro | W29: Masivo capital
A30: Persona Natural o Jurídica que ejecutó la Interventoría con Nº de NIT respectivo | B30: SECRETARIA DE TRANSITO Y TRANSPORTE DE BOGOTA | C30: SECRETARIA DE TRANSITO Y TRANSPORTE DE BOGOTA | D30: SECRETARIA DE TRANSITO Y TRANSPORTE DE BOGOTA | E30: SECRETARIA DE TRANSITO Y TRANSPORTE DE BOGOTA | F30: LOGITRANS LOGISTICA E INGENIERIA DE TRANSPORTE LDTA | G30: LOGITRANS LOGISTICA E INGENIERIA DE TRANSPORTE LDTA | H30: LOGITRANS LOGISTICA E INGENIERIA DE TRANSPORTE LDTA | I30: LOGITRANS LOGISTICA E INGENIERIA DE TRANSPORTE LDTA | J30: LOGITRANS LOGISTICA E INGENIERIA DE TRANSPORTE LDTA | K30: LOGITRANS LOGISTICA E INGENIERIA DE TRANSPORTE LDTA | L30: LOGITRANS LOGISTICA E INGENIERIA DE TRANSPORTE LDTA | M30: LOGITRANS LOGISTICA E INGENIERIA DE TRANSPORTE LDTA | N30: LOGITRANS LOGISTICA E INGENIERIA DE TRANSPORTE LDTA | O30: LOGITRANS LOGISTICA E INGENIERIA DE TRANSPORTE LDTA | P30: LOGITRANS LOGISTICA E INGENIERIA DE TRANSPORTE LDTA | Q30: LOGITRANS LOGISTICA E INGENIERIA DE TRANSPORTE LDTA | R30: MOVILIDAD SOSTENIBLE | S30: SECRETARIA DE PLANEACION | T30: LOGITRANS LOGISTICA E INGENIERIA DE TRANSPORTE LDTA | U30: SECRETARIA DE PLANEACION | V30: TRANSMETRO S.A | W30: MASIVO CAPITAL
A31: Nº de contrato y objeto del contrato de Interventoría | B31: PROFESIONAL ESPECIALIZADO DEL GRUPO DE PLANEACION DE TRANSITO Y TRANSPORTE EN EL ANALISIS DE PROPUESTAS COMPLEMENTARIAS | C31: PROFESIONAL ESPECIALIZADO DEL GRUPO DE PLANEACION DE TRANSITO Y TRANSPORTE EN EL DESARROLLO DE LOS ESTUDIOS TECNICOS PARA LA PLANEACION DEL SISTEMA DE RUTAS ESCOLARES | D31: PROFESIONAL ESPECIALIZADO DEL GRUPO DE PLANEACION DE TRANSITO Y TRANSPORTE COMO ARTE DE LAS INICIATIVA DE REORGANIZACION DE RUTAS DE TRANSPORTE | E31: PROFESIONAL ESPECIALIZADO DEL GRUPO DE PLANEACION DE TRANSITO Y TRANSPORTE | F31: EXPERTO EN PLANEACION Y MODELACION DE SISTEMAS DE TRANSITO Y TRANSPORTE | G31: EXPERTO EN PLANEACION Y MODELACION DE SISTEMAS DE TRANSITO Y TRANSPORTE | H31: EXPERTO EN PLANEACION Y MODELACION DE SISTEMAS DE TRANSITO Y TRANSPORTE | I31: EXPERTO EN PLANEACION Y MODELACION DE SISTEMAS DE TRANSITO Y TRANSPORTE | J31: EXPERTO EN PLANEACION Y MODELACION DE SISTEMAS DE TRANSITO Y TRANSPORTE | K31: EXPERTO EN PLANEACION Y MODELACION DE SISTEMAS DE TRANSITO Y TRANSPORTE | L31: EXPERTO EN PLANEACION Y MODELACION DE SISTEMAS DE TRANSITO Y TRANSPORTE | M31: EXPERTO EN PLANEACION Y MODELACION DE SISTEMAS DE TRANSITO Y TRANSPORTE | N31: EXPERTO EN PLANEACION Y MODELACION DE SISTEMAS DE TRANSITO Y TRANSPORTE | O31: EXPERTO EN PLANEACION Y MODELACION DE SISTEMAS DE TRANSITO Y TRANSPORTE | P31: EXPERTO EN PLANEACION Y MODELACION DE SISTEMAS DE TRANSITO Y TRANSPORTE | Q31: EXPERTO EN PLANEACION Y MODELACION DE SISTEMAS DE TRANSITO Y TRANSPORTE | R31: EXPERTO EN PLANEACION Y MODELACION DE SISTEMAS DE TRANSITO Y TRANSPORTE | S31: EXPERTO EN PLANEACION Y MODELACION DE SISTEMAS DE TRANSITO Y TRANSPORTE | T31: EXPERTO EN PLANEACION Y MODELACION DE SISTEMAS DE TRANSITO Y TRANSPORTE | U31: EXPERTO EN PLANEACION Y MODELACION DE SISTEMAS DE TRANSITO Y TRANSPORTE | V31: ASESOR EN TRANSPORTE | W31: DIRECTOR PLANEACION DE LA OPERACIÓN
A32: Nombre completo y documento de identidad del profesional al cual certifica | B32: JORGE ZORRO BENAVIDES | C32: JORGE ZORRO BENAVIDES | D32: JORGE ZORRO BENAVIDES | E32: JORGE ZORRO BENAVIDES | F32: JORGE ZORRO BENAVIDES | G32: JORGE ZORRO BENAVIDES | H32: JORGE ZORRO BENAVIDES | I32: JORGE ZORRO BENAVIDES | J32: JORGE ZORRO BENAVIDES | K32: JORGE ZORRO BENAVIDES | L32: JORGE ZORRO BENAVIDES | M32: JORGE ZORRO BENAVIDES | N32: JORGE ZORRO BENAVIDES | O32: JORGE ZORRO BENAVIDES | P32: JORGE ZORRO BENAVIDES | Q32: JORGE ZORRO BENAVIDES | R32: JORGE ZORRO BENAVIDES | S32: JORGE ZORRO BENAVIDES | T32: JORGE ZORRO BENAVIDES | U32: JORGE ZORRO BENAVIDES | V32: JORGE ZORRO BENAVIDES | W32: JORGE ZORRO BENAVIDES
A33: Cargo ejercido en el desarrollo del contrato de Interventoría certificado por parte del profesional certificado | B33: Profesional especializado | F33: Experto en planeacion y modelaciòn de transporte | V33: Asesor | W33: Director planeaciòn
A34: Fecha de Inicio del contrato de Interventoría | B34: 37104 | C34: 37438 | D34: 37895 | E34: 37926 | F34: 38412 | G34: 38442 | H34: 38534 | I34: 38718 | J34: 38749 | K34: 38837 | L34: 38960 | M34: 39021 | N34: 39052 | O34: 39233 | P34: 39263 | Q34: 39263 | R34: 39264 | S34: 39716 | T34: 39264 | U34: 39927 | V34: 40238 | W34: 40756
A35: Fecha de Terminación del contrato de Interventoría | B35: 37438 | C35: 37926 | D35: 37926 | E35: 38012 | F35: 38687 | G35: 38898 | H35: 38899 | I35: 39629 | J35: 38930 | K35: 39021 | L35: 39114 | M35: 39325 | N35: 39141 | O35: 39325 | P35: 39447 | Q35: 39447 | R35: 39294 | S35: 39868 | T35: 39447 | U35: 40232 | V35: 40421 | W35: 41660
A36: Fecha de Inicio de labores ejercidas | B36: 37104 | C36: 37438 | D36: 37895 | E36: 37926 | F36: 38412 | G36: 38442 | H36: 38534 | I36: 38718 | J36: 38749 | K36: 38837 | L36: 38960 | M36: 39021 | N36: 39052 | O36: 39233 | P36: 39232 | Q36: 39263 | R36: 39264 | S36: 39716 | T36: 39264 | U36: 39927 | V36: 40238 | W36: 40756
A37: Fecha de Terminación de labores ejercidas | B37: 37438 | C37: 37926 | D37: 37926 | E37: 38012 | F37: 38687 | G37: 38898 | H37: 38899 | I37: 39629 | J37: 38930 | K37: 39021 | L37: 39114 | M37: 39325 | N37: 39141 | O37: 39325 | P37: 39447 | Q37: 39447 | R37: 39294 | S37: 39868 | T37: 39447 | U37: 40232 | V37: 40421 | W37: 41660
A38: Tiempo de experiencia | B38: =(B37-B36)/365 -> 0.91506849 | C38: =(C37-C36)/365 -> 1.3369863 | D38: =(D37-D36)/365 -> 0.084931507 | E38: =(E37-E36)/365 -> 0.23561644 | F38: =(F37-F36)/365 -> 0.75342466 | G38: =(G37-G36)/365 -> 1.2493151 | H38: =(H37-H36)/365 -> 1 | I38: =(I37-I36)/365 -> 2.4958904 | ... W38: =(W37-W36)/365 -> 2.4767123
A39: Cumplimiento contrato (1 Si; 0 No) | B39: 1 | C39: 1 | D39: 1 | E39: 1 | F39: 0 | G39: 0 | H39: 0 | I39: 0 | J39: 0 | K39: 0 | L39: 0 | M39: 0 | N39: 0 | O39: 0 | P39: 0 | Q39: 0 | R39: 0 | S39: 0 | T39: 0 | U39: 0 | V39: 1 | W39: 1
A40: Puntaje | B40: 5
A42: Abogado | B42: Exp 1 | C42: Exp 2 | D42: Exp 3 | E42: Exp 4 | F42: Exp 5 | G42: Exp 6 | H42: Exp 7 | I42: Exp 8 | J42: Exp 9 | K42: Exp 10
A43: Nombre de la Entidad contratante | B43: Sec. Transito y Transporte | G43: Sec. Obras | H43: IDU | I43: Procuraduria | J43: Ministerio de tecnologias de informacion | K43: Auditoria
A44: Persona Natural o Jurídica que ejecutó la Interventoría con Nº de NIT respectivo | B44: ALCALDIA MAYOR DE BOGOTA - SECRETARIA DE TRANSITO Y TRANSPORTE | C44: ALCALDIA MAYOR DE BOGOTA - SECRETARIA DE TRANSITO Y TRANSPORTE | D44: ALCALDIA MAYOR DE BOGOTA - SECRETARIA DE TRANSITO Y TRANSPORTE | E44: ALCALDIA MAYOR DE BOGOTA - SECRETARIA DE TRANSITO Y TRANSPORTE | F44: ALCALDIA MAYOR DE BOGOTA - SECRETARIA DE TRANSITO Y TRANSPORTE | G44: ALCALDIA MAYOR DE BOGOTA - SECRETARIA DE OBRAS PUBLICAS | H44: IDU | I44: PROCURADURIA GENERAL DE LA NACION | J44: MINISTERIO DE TECNOLOGIAS DE INFORMACION Y LAS COMUNICACIONES | K44: AUDITORIA GENERALDE LA REPUBLICA
A45: Nº de contrato y objeto del contrato de Interventoría | B45: ASESOR JURIDICO | C45: JEFE OFICINA ASESORA | D45: ASESOR JURIDICO | E45: JEFE OFICINA ASESORA | F45: ASESOR JURIDICO | G45: CONTRATO Nº 030 | H45: CONTRATO 146 DE 2002 | I45: ASESOR GRADO 24 | J45: CONTRATO DE PRESTACION DE SERVICIOS 00560 DE 2012 Y 000036 DE 2013 | K45: SERVICIOS PROFESIONALES COMO ASESOR JURIDICO
A46: Nombre completo y documento de identidad del profesional al cual certifica | B46: MARIO ENRIQUE GALVIS AYALA | C46: MARIO ENRIQUE GALVIS AYALA | D46: MARIO ENRIQUE GALVIS AYALA | E46: MARIO ENRIQUE GALVIS AYALA | F46: MARIO ENRIQUE GALVIS AYALA | G46: MARIO ENRIQUE GALVIS AYALA | H46: MARIO ENRIQUE GALVIS AYALA | I46: MARIO ENRIQUE GALVIS AYALA | J46: MARIO ENRIQUE GALVIS AYALA | K46: MARIO ENRIQUE GALVIS AYALA
A47: Cargo ejercido en el desarrollo del contrato de Interventoría certificado por parte del profesional certificado | B47: Asesor juridico
A48: Fecha de Inicio del contrato de Interventoría | B48: 35989 | C48: 36487 | D48: 36492 | E48: 36542 | F48: 36706 | G48: 36794 | H48: 37330 | I48: 37895 | J48: 41187 | K48: 40974
A49: Fecha de Terminación del contrato de Interventoría | B49: 36486 | C49: 36491 | D49: 36541 | E49: 36705 | F49: 36768 | G49: 36977 | H49: 37694 | I49: 40948 | J49: 41395 | K49: 41271
A50: Fecha de Inicio de labores ejercidas | B50: 35989 | C50: 36487 | D50: 36492 | E50: 36542 | F50: 36706 | G50: 36794 | H50: 37330 | I50: 37895 | J50: 41187 | K50: 40974
A51: Fecha de Terminación de labores ejercidas | B51: 36486 | C51: 36491 | D51: 36541 | E51: 36705 | F51: 36768 | G51: 36977 | H51: 37694 | I51: 40948 | J51: 41395 | K51: 41271
A52: Tiempo de experiencia | B52: =(B51-B50)/365 -> 1.3616438 | C52: =(C51-C50)/365 -> 0.010958904 | D52: =(D51-D50)/365 -> 0.13424658 | E52: =(E51-E50)/365 -> 0.44657534 | F52: =(F51-F50)/365 -> 0.16986301 | G52: =(G51-G50)/365 -> 0.50136986 | H52: =(H51-H50)/365 -> 0.99726027 | I52: =(I51-I50)/365 -> 8.3643836 | ... K52: =(K51-K50)/365 -> 0.81369863
A53: Cumplimiento contrato (1 Si; 0 No) | B53: 1 | C53: 1 | D53: 1 | E53: 1 | F53: 1 | G53: 0 | H53: 0 | I53: 0 | J53: 0 | K53: 0
A54: Puntaje | B54: =MIN(SUMIFS(B52:J52,B53:J53,1),5) -> 2.1232877
A56: Coordinador Técnico Operativo | B56: Exp 1 | C56: Exp 2 | D56: Exp 3 | E56: Exp 4 | F56: Exp 5 | G56: Exp 6 | H56: Exp 7 | I56: Exp 8 | J56: Exp 9 | K56: Exp 10 | L56: Exp 11 | M56: Exp 12 | N56: Exp 13 | O56: Exp 14 | P56: Exp 15 | Q56: Exp 16 | R56: Exp 17 | S56: Exp 18 | T56: Exp 19 | U56: Exp 20
A57: Nombre de la Entidad contratante | B57: STT | C57: Sociedad colombiana de transporte ferroviario | D57: STT | E57: STT | F57: STT | G57: STT | H57: TPD Ing. | I57: TPD Ing. | J57: TPD Ing. | K57: TPD Ing. | L57: Unal | M57: Unal | N57: Unal | O57: Unal | P57: Unal | Q57: Sec. Mov. | R57: Unal | S57: Unal | T57: TPD Ing. | U57: Data tool
A58: Persona Natural o Jurídica que ejecutó la Interventoría con Nº de NIT respectivo | B58: STT-FONDATT SECRETARIA DE TRANSITO Y TRANSPORTE | C58: SOCIEDAD COLOMBIA DE TRANSPORTE FERROVIARIO | D58: STT-FONDATT SECRETARIA DE TRANSITO Y TRANSPORTE | E58: STT-FONDATT SECRETARIA DE TRANSITO Y TRANSPORTE | F58: STT-FONDATT SECRETARIA DE TRANSITO Y TRANSPORTE | G58: STT-FONDATT SECRETARIA DE TRANSITO Y TRANSPORTE | H58: TPD INGENIERIA S.A | I58: TPD INGENIERIA S.A | J58: TPD INGENIERIA S.A | K58: TPD INGENIERIA S.A | L58: UNIVERSIDAD NACIONAL DE COLOMBIA | M58: UNIVERSIDAD NACIONAL DE COLOMBIA | N58: UNIVERSIDAD NACIONAL DE COLOMBIA | O58: UNIVERSIDAD NACIONAL DE COLOMBIA | P58: UNIVERSIDAD NACIONAL DE COLOMBIA | Q58: SECRETARIA DISTRITAL DE MOVILIDAD | R58: UNIVERSIDAD NACIONAL DE COLOMBIA | S58: UNIVERSIDAD NACIONAL DE COLOMBIA | T58: TPD INGENIERIA S.A | U58: DATA TOOL
A59: Nº de contrato y objeto del contrato de Interventoría | B59: PROFESIONAL UNIVERSITARIO | C59: JEFE DE DEPARTAMENTO | D59: INGENIERO CIVIL ESPECIALIZADO EN INGENIERIA DE TRAFICO CON ENFASIS EN SEMAFORIZACION | E59: INGENIERO CIVIL ESPECIALIZADO EN INGENIERIA DE TRAFICO CON ENFASIS EN SEMAFORIZACION | F59: ASESOR CODIGO 101 GRADO 4 | G59: SUBSECRETARIO DE DESPACHO CODIGO 045 GRADO 06 | H59: INGENIERO COORDINADOR | I59: INTERVENTORIA DE LOS CONTRATOS PARA EL SUMINISTRO PARA EL TRANSPORTE ESCOLAR | J59: INTERVENTORIA DE LOS CONTRATOS PARA EL SUMINISTRO PARA EL TRANSPORTE ESCOLAR | K59: MEDICION DE LOS TIEMPOS DE VIAJE DEL SISTEMA DE TRANSMILENIO | L59: INTERVENTORIA CONTRATOS DE TRANSPORTE | M59: ODS 76 | N59: ODS 1851 | O59: ODS 837 | P59: ODS 2257 | Q59: INTERVENTORIA CONTRATOS DE TRANSPORTE | R59: ODS 307 | S59: ODS 385 | T59: CONTRATO DE PRESTACION DE SERVICIOS 105 DE 2008 | U59: ESTUDIO DE CONSULTORIA EN TRANSITO Y TRANSPORTE PARA EL CALLAO PERÚ
A60: Nombre completo y documento de identidad del profesional al cual certifica | B60: JORGE EDUARDO AYA RODRIGUEZ | C60: JORGE EDUARDO AYA RODRIGUEZ | D60: JORGE EDUARDO AYA RODRIGUEZ | E60: JORGE EDUARDO AYA RODRIGUEZ | F60: JORGE EDUARDO AYA RODRIGUEZ | G60: JORGE EDUARDO AYA RODRIGUEZ | H60: JORGE EDUARDO AYA RODRIGUEZ | I60: JORGE EDUARDO AYA RODRIGUEZ | J60: JORGE EDUARDO AYA RODRIGUEZ | K60: JORGE EDUARDO AYA RODRIGUEZ | L60: JORGE EDUARDO AYA RODRIGUEZ | M60: JORGE EDUARDO AYA RODRIGUEZ | N60: JORGE EDUARDO AYA RODRIGUEZ | O60: JORGE EDUARDO AYA RODRIGUEZ | P60: JORGE EDUARDO AYA RODRIGUEZ | Q60: JORGE EDUARDO AYA RODRIGUEZ | R60: JORGE EDUARDO AYA RODRIGUEZ | S60: JORGE EDUARDO AYA RODRIGUEZ | T60: JORGE EDUARDO AYA RODRIGUEZ | U60: JORGE EDUARDO AYA RODRIGUEZ
A61: Cargo ejercido en el desarrollo del contrato de Interventoría certificado por parte del profesional certificado | B61: Prof. Un. | C61: Jefe de dto | D61: Ing. Civil Esp. | E61: Prof. Uni. | F61: Asesor | G61: subsecretario | H61: Coordinador | I61: Director | J61: Director | K61: Coordinador | L61: Coordinador | M61: Coordinador | N61: Coordinador | O61: Asesor | P61: Coordinador | Q61: Director | R61: Coordinador | S61: Coordinador | T61: Coordinador | U61: Director
A62: Fecha de Inicio del contrato de Interventoría | B62: 32559 | C62: 33975 | D62: 36689 | E62: 36959 | F62: 37083 | G62: 37501 | H62: 37993 | I62: 38363 | J62: 38603 | K62: 38603 | L62: 38671 | M62: 38743 | N62: 39034 | O62: 38883 | P62: 39067 | Q62: 39150 | R62: 39514 | S62: 39552 | T62: 39845 | U62: 40380
A63: Fecha de Terminación del contrato de Interventoría | B63: 33512 | C63: 36558 | D63: 36902 | E63: 37050 | F63: 37500 | G63: 37992 | H63: 38266 | I63: 38595 | J63: 38638 | K63: 38704 | L63: 39015 | M63: 38984 | N63: 39066 | O63: 38947 | P63: 39129 | Q63: 39468 | R63: 39549 | S63: 39580 | T63: 40378 | U63: 41289
A64: Fecha de Inicio de labores ejercidas | B64: 32559 | C64: 33975 | D64: 36689 | E64: 36959 | F64: 37083 | G64: 37501 | H64: 37993 | I64: 38363 | J64: 38603 | K64: 38603 | L64: 38671 | M64: 38743 | N64: 39024 | O64: 38883 | P64: 39067 | Q64: 39150 | R64: 39514 | S64: 39552 | T64: 39845 | U64: 40380
A65: Fecha de Terminación de labores ejercidas | B65: 33512 | C65: 36558 | D65: 36902 | E65: 37050 | F65: 37500 | G65: 37992 | H65: 38266 | I65: 38595 | J65: 38638 | K65: 38704 | L65: 39015 | M65: 38984 | N65: 39066 | O65: 38947 | P65: 39129 | Q65: 39468 | R65: 39549 | S65: 39580 | T65: 40378 | U65: 41289
A66: Tiempo de experiencia | B66: =(B65-B64)/365 -> 2.6109589 | C66: =(C65-C64)/365 -> 7.0767123 | D66: =(D65-D64)/365 -> 0.58356164 | E66: =(E65-E64)/365 -> 0.24931507 | F66: =(F65-F64)/365 -> 1.1424658 | G66: =(G65-G64)/365 -> 1.3452055 | H66: =(H65-H64)/365 -> 0.74794521 | I66: =(I65-I64)/365 -> 0.63561644 | ... U66: =(U65-U64)/365 -> 2.490411
A67: Cumplimiento contrato (1 Si; 0 No) | B67: 1 | C67: 0 | D67: 1 | E67: 1 | F67: 1 | G67: 1 | H67: 1 | I67: 1 | J67: 1 | K67: 1 | L67: 1 | M67: 1 | N67: 1 | O67: 1 | P67: 1 | Q67: 1 | R67: 1 | S67: 1 | T67: 1 | U67: 1
A68: Puntaje | B68: =MIN(SUMIFS(B66:U66,B67:U67,1),5) -> 5
A70: Coordinador Técnico Operativo | B70: Exp 1 | C70: Exp 2 | D70: Exp 3 | E70: Exp 4 | F70: Exp 5 | G70: Exp 6 | H70: Exp 7 | I70: Exp 8 | J70: Exp 9 | K70: Exp 10 | L70: Exp 11 | M70: Exp 12 | N70: Exp 13 | O70: Exp 14 | P70: Exp 15 | Q70: Exp 16 | R70: Exp 17 | S70: Exp 18 | T70: Exp 19 | U70: Exp 20 | V70: Exp 21
A71: Nombre de la Entidad contratante | B71: STT | C71: Consorcio control rutas escolares | E71: Unal | F71: Unal | G71: Unal | H71: Unal | I71: Unal | J71: Unal | K71: Unal | L71: Unal | M71: Unal | N71: Unal | O71: Unal | P71: Unal | Q71: Unal | R71: Unal | S71: Unal | T71: Unal | U71: Unal | V71: Unal
A72: Persona Natural o Jurídica que ejecutó la Interventoría con Nº de NIT respectivo | C72: CONSORCIO CONTROL RUTAS ESCOLARES | D72: CONSORCIO CONTROL RUTAS ESCOLARES | E72: UNIVERSIDAD NACIONAL DE COLOMBIA | F72: UNIVERSIDAD NACIONAL DE COLOMBIA | G72: UNIVERSIDAD NACIONAL DE COLOMBIA | H72: UNIVERSIDAD NACIONAL DE COLOMBIA | I72: UNIVERSIDAD NACIONAL DE COLOMBIA | J72: UNIVERSIDAD NACIONAL DE COLOMBIA | K72: UNIVERSIDAD NACIONAL DE COLOMBIA | L72: UNIVERSIDAD NACIONAL DE COLOMBIA | M72: UNIVERSIDAD NACIONAL DE COLOMBIA | N72: UNIVERSIDAD NACIONAL DE COLOMBIA | O72: UNIVERSIDAD NACIONAL DE COLOMBIA | P72: UNIVERSIDAD NACIONAL DE COLOMBIA | Q72: UNIVERSIDAD NACIONAL DE COLOMBIA | R72: UNIVERSIDAD NACIONAL DE COLOMBIA | S72: UNIVERSIDAD NACIONAL DE COLOMBIA | T72: UNIVERSIDAD NACIONAL DE COLOMBIA
A73: Nº de contrato y objeto del contrato de Interventoría | C73: CONTRATO 112-2004 | D73: CONTRATO 112-2004 | E73: ODS-1224 | F73: ODS-1723 | G73: ODS-232 | H73: ODS-501 | I73: CONVENIO CONSULTORIA No. 042 | J73: ODS-1991 | K73: ODS-24 | L73: ODS-202 | M73: ODS-1884 | N73: PROYECTO ESTUDIO DE MOVILIDAD GERENCIA REFINERIA DE BARANCABERMEJA | O73: PROGRAMA DE INVESTIGACION EN TRANSITO Y TRANSPORTE | P73: ODS-1735 | Q73: ODS-748 | R73: ODS-430 | S73: ODS-845 | T73: ODS-1665
A74: Nombre completo y documento de identidad del profesional al cual certifica | C74: GLORIA ESPERANZA TORRES UMBACIA | D74: GLORIA ESPERANZA TORRES UMBACIA | E74: GLORIA ESPERANZA TORRES UMBACIA | F74: GLORIA ESPERANZA TORRES UMBACIA | G74: GLORIA ESPERANZA TORRES UMBACIA | H74: GLORIA ESPERANZA TORRES UMBACIA | I74: GLORIA ESPERANZA TORRES UMBACIA | J74: GLORIA ESPERANZA TORRES UMBACIA | K74: GLORIA ESPERANZA TORRES UMBACIA | L74: GLORIA ESPERANZA TORRES UMBACIA | M74: GLORIA ESPERANZA TORRES UMBACIA | N74: GLORIA ESPERANZA TORRES UMBACIA | O74: GLORIA ESPERANZA TORRES UMBACIA | P74: GLORIA ESPERANZA TORRES UMBACIA | Q74: GLORIA ESPERANZA TORRES UMBACIA | R74: GLORIA ESPERANZA TORRES UMBACIA | S74: GLORIA ESPERANZA TORRES UMBACIA | T74: GLORIA ESPERANZA TORRES UMBACIA
A75: Cargo ejercido en el desarrollo del contrato de Interventoría certificado por parte del profesional certificado | B75: Asesor | C75: Prof. Adm. | D75: Coordinador | E75: Contratista | I75: Coordinador | J75: Contratista | N75: Esp. En transporte | P75: Contratista
A76: Fecha de Inicio del contrato de Interventoría | C76: 38281 | D76: 38363 | E76: 38617 | F76: 38671 | G76: 38763 | H76: 38810 | I76: 38913 | J76: 39070 | K76: 39472 | L76: 39864 | M76: 40106 | N76: 40167 | O76: 40219 | P76: 40491 | Q76: 40724 | R76: 40989 | S76: 41116 | T76: 41614
A77: Fecha de Terminación del contrato de Interventoría | C77: 38338 | D77: 38562 | E77: 38646 | F77: 38701 | G77: 38819 | H77: 38986 | I77: 39654 | J77: 39100 | K77: 39556 | L77: 39973 | M77: 40208 | N77: 40341 | O77: 40589 | P77: 40525 | Q77: 40783 | R77: 41013 | S77: 41155 | T77: 41697
A78: Fecha de Inicio de labores ejercidas | B78: 37538 | C78: 38281 | D78: 38363 | E78: 38617 | F78: 38671 | G78: 38763 | H78: 38810 | I78: 38913 | J78: 39070 | K78: 39472 | L78: 39864 | M78: 40106 | N78: 40167 | O78: 40219 | P78: 40491 | Q78: 40724 | R78: 40989 | S78: 41116 | T78: 41614 | U78: 41355 | V78: 41015
A79: Fecha de Terminación de labores ejercidas | B79: 38001 | C79: 38338 | D79: 38562 | E79: 38646 | F79: 38701 | G79: 38819 | H79: 38986 | I79: 39654 | J79: 39100 | K79: 39556 | L79: 39973 | M79: 40208 | N79: 40341 | O79: 40589 | P79: 40525 | Q79: 40783 | R79: 41013 | S79: 41155 | T79: 41697 | U79: 41576 | V79: 41274
A80: Tiempo de experiencia | B80: =(B79-B78)/365 -> 1.2684932 | C80: =(C79-C78)/365 -> 0.15616438 | D80: =(D79-D78)/365 -> 0.54520548 | E80: =(E79-E78)/365 -> 0.079452055 | F80: =(F79-F78)/365 -> 0.082191781 | G80: =(G79-G78)/365 -> 0.15342466 | H80: =(H79-H78)/365 -> 0.48219178 | I80: =(I79-I78)/365 -> 2.030137 | ... V80: =(V79-V78)/365 -> 0.70958904
A81: Cumplimiento contrato (1 Si; 0 No) | B81: 1 | C81: 1 | D81: 1 | E81: 0 | F81: 0 | G81: 0 | H81: 0 | I81: 1 | J81: 0 | K81: 0 | L81: 0 | M81: 0 | N81: 1 | O81: 1 | P81: 0 | Q81: 0 | R81: 0 | S81: 0 | T81: 0 | U81: 0 | V81: 0
A82: Puntaje | B82: =MIN(SUMIFS(C80:T80,C81:T81,1),5) -> 4.2219178
A84: Coordinador Adtivo | B84: Exp 1 | C84: Exp 2
A85: Nombre de la Entidad contratante | B85: Sociedad Gran Transportadora BN LTDA | C85: ORGANIZACIÓN LOGISTICA MULTIMODAL SAS
A86: Persona Natural o Jurídica que ejecutó la Interventoría con Nº de NIT respectivo | B86: SOCIEDAD GRAN TRANSPORTADORA BN LTDA | C86: ORGANIZACIÓN LOGISTICA MUNTIMODAL SAS
A87: Nº de contrato y objeto del contrato de Interventoría | B87: CONTADORA PUBLICA | C87: CONTADORA PUBLICA
A88: Nombre completo y documento de identidad del profesional al cual certifica | B88: GLORIA INES ZORRO BENAVIDES | C88: GLORIA INES ZORRO BENAVIDES
A89: Cargo ejercido en el desarrollo del contrato de Interventoría certificado por parte del profesional certificado | B89: Contadora | C89: Contadora
A90: Fecha de Inicio del contrato de Interventoría | B90: 38333 | C90: 40391
A91: Fecha de Terminación del contrato de Interventoría | B91: 41657 | C91: 41656
A92: Fecha de Inicio de labores ejercidas | B92: 38333 | C92: 40391
A93: Fecha de Terminación de labores ejercidas | B93: 41655 | C93: 41656
A94: Tiempo de experiencia | B94: =(B93-B92)/365 -> 9.1013699 | E94: =(E93-E92)/365 -> 0
A95: Cumplimiento contrato (1 Si; 0 No) | B95: 1 | E95: 1
A96: Puntaje | B96: =MIN(SUMIFS(B94:J94,B95:J95,1),5) -> 5
A98: Prof en Vehiculos | B98: Exp 1
A99: Nombre de la Entidad contratante | B99: Transmasivo SA
A100: Persona Natural o Jurídica que ejecutó la Interventoría con Nº de NIT respectivo | B100: TRANSMASIVO SA
A101: Nº de contrato y objeto del contrato de Interventoría | B101: DIRECTOR DE OPERACIONES
A102: Nombre completo y documento de identidad del profesional al cual certifica | B102: JHON FERNANDO CASTELLANOS DOMINGUEZ
A103: Cargo ejercido en el desarrollo del contrato de Interventoría certificado por parte del profesional certificado | B103: Director de operaciones
A104: Fecha de Inicio del contrato de Interventoría | B104: 37773
A105: Fecha de Terminación del contrato de Interventoría | B105: 40907
A106: Fecha de Inicio de labores ejercidas | B106: 37773
A107: Fecha de Terminación de labores ejercidas | B107: 40907
A108: Tiempo de experiencia | B108: =(B107-B106)/365 -> 8.5863014
A109: Cumplimiento contrato (1 Si; 0 No) | B109: 1
A110: Puntaje | B110: =MIN(SUMIFS(B108:J108,B109:J109,1),5) -> 5

Sheet E. Profesionales Adic. P 5
A6: ALCALDIA MAYOR DE BOGOTA D.C.
A7: SECRETARÍA DE EDUCACIÓN
A8: EVALUACIÓN TÉCNICA- ECONÓMICA: CONCURSO DE MERITOS No. SED-CM-DBE-110-2013
A9: EXPERIENCIA ADICIONAL
A11: Nombre del Proponente | B11: CONSORCIO INTERVENTORIA TRANSPORTE
A12: Puntaje Experiencia Específica Adicional | B12: =SUM(B26,B40,B54,B68,B96,B82,B110) -> 30.265753
A14: Director de Proyecto ( Der, admon, econ, ing. Civ, Ind, trans, vias, mec, elec o sist, Pos: Eco, admn, pol pub o ing) | B14: Exp 1
A15: Nombre de la Entidad contratante | B15: ATI INTERNACIONAL LTDA.
A16: Persona Natural o Jurídica que ejecutó la Interventoría con Nº de NIT respectivo | B16: 830.008.196-2
A17: Nº de contrato y objeto del contrato de Interventoría
A18: Nombre completo y documento de identidad del profesional al cual certifica
A19: Cargo ejercido en el desarrollo del contrato de Interventoría certificado por parte del profesional certificado | B19: Gerente de interventoria a programas y proyectos sociales
A20: Fecha de Inicio del contrato de Interventoría
A21: Fecha de Terminación del contrato de Interventoría
A22: Fecha de Inicio de labores ejercidas por el profesional certificado | B22: 37654 | C22: 39353 | D22: 37888 | E22: 39815 | F22: 41134
A23: Fecha de Terminación de labores ejercidas por el profesional certificado | B23: 38352 | C23: 39937 | D23: 38383 | E23: 40556 | F23: 41305
A24: Tiempo de experiencia | B24: =(B23-B22)/365 -> 1.9123288 | C24: =(C23-C22)/365 -> 1.6 | D24: =(D23-D22)/365 -> 1.3561644 | E24: =(E23-E22)/365 -> 2.030137 | F24: =(F23-F22)/365 -> 0.46849315
A25: Cumplimiento contrato (1 Si; 0 No) | B25: 1 | C25: 1 | D25: 1 | E25: 0 | F25: 0
A26: Puntaje | B26: =B24+C24+D24 -> 4.8684932
A28: Asesor en Transporte (Ing. Civil o Trans., Pos: Trans e Infravial, vias, o afines) | B28: Exp 1 | C28: Exp 2 | D28: Exp 3 | E28: Exp 4 | F28: Exp 5 | G28: Exp 6 | H28: Exp 7 | I28: Exp 8 | J28: Exp 9 | K28: Exp 10 | L28: Exp. 11 | M28: Exp 12 | N28: Exp 13 | O28: Exp. 14
A29: Nombre de la Entidad contratante | B29: Tranvias | C29: Unal | D29: Unal | E29: Unal | F29: Unal | G29: Unal | H29: Unal | I29: Unal | J29: Unal | K29: Unal | L29: Unal | M29: FONDATT | N29: SESAC LTDA. | O29: Consorcio Tranvias
A30: Persona Natural o Jurídica que ejecutó la Interventoría con Nº de NIT respectivo | B30: 800244072-1
A31: Nº de contrato y objeto del contrato de Interventoría | F31: Cto.593 de 2002, Asesor de costos en transporte y elaboración de metodología de análisis de costos. | G31: Cto.753 de 2004, Encargado de preparar pliegos de condiciones, realizar labores de coordinación con la SED, aistencia a las audiencias con los proponentes. | H31: Cto.978 de 2004, Encargado de preparar pliegos de condiciones, realizar labores de coordinación con la SED, aistencia a las audiencias con los proponentes. | I31: Cto.No.1168 de 2004, Realizar labores de coordinación con la SED, asistencia a las audicencias con los proponentes. | J31: Cto. No.310 de 2005, Preparar pliegos de condiciones para seleccionar los proveedores del servicio de transporte escolar, la interventoria de los contratos del suministro de transporte escolar y asistencia a las audiencias con los proponentes. | K31: Cto.954 de 2005, Prestación de servicios para realizar la coordinacion del estudio de costos de operación de l Transporte Escoilar, realizar labores de coordinación con la SED, preparar los pliegos de condiciones para seleccionar los proveedores del servicio de transporte escokar, la interventoria de los contratos de sumunistro del servicio de transporte escolar y asistencia a las audiencias con los proponentes. | L31: Cto.12004 de 2005, Prestación de servicios para realizar el estudio final de costos de orperación de transporte escolar, realizar labores de coordinación con la SED, para atender observaciones del informe final. | M31: 140 DE 2003, Apoyar en la gerencia de reorganización de transporte público en el estudio y elaboración de los documentos técnicos necesarios para la expedición de los actos administrativos relacionados con la declaratoria de vacacia por abandono de rutas al igual que la participación en la elaboración de las respuestas a los recursos y peticiones que se pretenden en desarrollo del trámite mencionado y la atención a los transportadores que se inviten a la entidad o que soliciten claridad sobre los estudios técnicos soportes para la reestructuración del servicio. | O31: Cto.006/2001,Interventoria de prestación del servicio de transporte escolar para niños y jovenes de grado 0° a 9°, en las tres jornadas, matriculados en las diferentes localidades y grupos en número de 500 rutas
A32: Nombre completo y documento de identidad del profesional al cual certifica | B32: Oswaldo Javier Arias García C.C.19270011
A33: Cargo ejercido en el desarrollo del contrato de Interventoría certificado por parte del profesional certificado | B33: Evaluación económica de las vias | C33: Coordinar las actividades desarrolladas por los supervisores | E33: Verificar el cumplimiento de las obligaciones contractuales del transporte escolar | F33: Realizar estudio de costos de operación de transporte | G33: Preparar pliegos de condiciones para el proceso de selección de transporte | H33: Realizar labores de coordinacion en la SED | I33: Realizar labores de coordinaciòn en la SED | J33: Preparar pliegos de condiciones y realizar labores de coordinacion | M33: Apoyar la gerencia y reorganizaciòn de transporte | N33: Operaciòn y funcionamiento de empresa | O33: Interventoria a la prestacion de servicio
A34: Fecha de Inicio del contrato de Interventoría
A35: Fecha de Terminación del contrato de Interventoría
A36: Fecha de Inicio de labores ejercidas por el profesional certificado | B36: 40437 | C36: 39067 | D36: 39024 | E36: 38743 | F36: 37386 | G36: 38195 | H36: 38275 | I36: 38313 | J36: 38429 | K36: 38551 | L36: 38588 | M36: 37883 | N36: 37653 | O36: 36957
A37: Fecha de Terminación de labores ejercidas por el profesional certificado | B37: 40709 | C37: 39129 | D37: 39066 | E37: 38924 | F37: 37406 | G37: 38260 | H37: 38296 | I37: 38331 | J37: 38536 | K37: 38569 | L37: 38619 | M37: 38065 | N37: 37741 | O37: 37343
A38: Tiempo de experiencia | B38: =(B37-B36)/365 -> 0.74520548 | C38: =(C37-C36)/365 -> 0.16986301 | D38: =(D37-D36)/365 -> 0.11506849 | E38: =(E37-E36)/365 -> 0.49589041 | F38: =(F37-F36)/365 -> 0.054794521 | G38: =(G37-G36)/365 -> 0.17808219 | H38: =(H37-H36)/365 -> 0.057534247 | I38: =(I37-I36)/365 -> 0.049315068 | ... O38: =(O37-O36)/365 -> 1.0575342
A39: Cumplimiento contrato (1 Si; 0 No) | B39: 1 | C39: 1 | D39: 1 | E39: 1 | F39: 1 | G39: 1 | H39: 1 | I39: 1 | J39: 1 | K39: 1 | L39: 1 | M39: 1 | N39: 1 | O39: 1
A40: Puntaje | B40: =B38+C38+D38+E38+F38+G38+H38+I38+J38+K38+L38+M38+N38+O38 -> 4.090411
A42: Abogado (Pos: Contratación Pub o Adminst) | B42: Exp 1
A43: Nombre de la Entidad contratante | B43: Unión Temporal Cintra Valle
A44: Persona Natural o Jurídica que ejecutó la Interventoría con Nº de NIT respectivo | B44: 805.014.950-3
A45: Nº de contrato y objeto del contrato de Interventoría
A46: Nombre completo y documento de identidad del profesional al cual certifica | B46: Mauricio Alejandro Camacho Fonseca CC.79432777
A47: Cargo ejercido en el desarrollo del contrato de Interventoría certificado por parte del profesional certificado | B47: Asesor Jurídico externo
A48: Fecha de Inicio del contrato de Interventoría
A49: Fecha de Terminación del contrato de Interventoría
A50: Fecha de Inicio de labores ejercidas por el profesional certificado | B50: 36404
A51: Fecha de Terminación de labores ejercidas por el profesional certificado | B51: 38383
A52: Tiempo de experiencia | B52: =(B51-B50)/365 -> 5.4219178
A53: Cumplimiento contrato (1 Si; 0 No) | B53: 1
A54: Puntaje | B54: 5
A56: Coordinador Técnico Operativo ( Ing civ, trans y vias, elect, electr, meca, sist, inds, mecatro o admon de emp) | B56: Exp 1
A57: Nombre de la Entidad contratante | B57: EXPRESO BOLIVARIANO S.A
A58: Persona Natural o Jurídica que ejecutó la Interventoría con Nº de NIT respectivo | B58: 860005108-1
A59: Nº de contrato y objeto del contrato de Interventoría
A60: Nombre completo y documento de identidad del profesional al cual certifica | B60: Juan Carlos Rodríguez Martínez CC.79686247
A61: Cargo ejercido en el desarrollo del contrato de Interventoría certificado por parte del profesional certificado | B61: Director de Operaciones
A62: Fecha de Inicio del contrato de Interventoría
A63: Fecha de Terminación del contrato de Interventoría
A64: Fecha de Inicio de labores ejercidas por el profesional certificado | B64: 40058
A65: Fecha de Terminación de labores ejercidas por el profesional certificado | B65: 41660
A66: Tiempo de experiencia | B66: =(B65-B64)/365 -> 4.3890411
A67: Cumplimiento contrato (1 Si; 0 No) | B67: 1
A68: Puntaje | B68: =B66 -> 4.3890411
A70: Coordinador Técnico Operativo ( Ing civ, trans y vias, elect, electr, meca, sist, inds, mecatro o admon de emp) | B70: Exp 1 | F70: Exp 2
A71: Nombre de la Entidad contratante | B71: COOPERATIVA INTRASALUD | C71: COOPERATIVA DE TRABAJO ASOCIADO PROSPECTIVA C.T.A. | F71: COOPERATIVA DE TRABAJO ASOCIADO PROSPECTIVA C.T.A.
A72: Persona Natural o Jurídica que ejecutó la Interventoría con Nº de NIT respectivo
A73: Nº de contrato y objeto del contrato de Interventoría
A74: Nombre completo y documento de identidad del profesional al cual certifica | B74: Carmen Cecilia Barón Torres C.C.37926898
A75: Cargo ejercido en el desarrollo del contrato de Interventoría certificado por parte del profesional certificado | B75: Coordinadora logistica de transporte de ambulancias E.S.E Hospital del Sur. | C75: Coordinadora | F75: Coordinadora
A76: Fecha de Inicio del contrato de Interventoría
A77: Fecha de Terminación del contrato de Interventoría
A78: Fecha de Inicio de labores ejercidas por el profesional certificado | B78: 38169 | C78: 40452 | F78: 40452
A79: Fecha de Terminación de labores ejercidas por el profesional certificado | B79: 39446 | C79: 40717 | F79: 40717
A80: Tiempo de experiencia | B80: =(B79-B78)/365 -> 3.4986301 | C80: =(C79-C78)/365 -> 0.7260274 | F80: =(F79-F78)/365 -> 0.7260274
A81: Cumplimiento contrato (1 Si; 0 No) | B81: 1 | F81: 0
A82: Puntaje | B82: =B80 -> 3.4986301
A84: Coordinador Adtivo (econo, admon, contad, ing finan, en caso de ser civil o trans con pos en finanzas) | B84: Exp 1 | C84: Exp 2 | D84: Exp 3 | G84: Exp 4 | H84: Exp 5 | I84: Exp 6 | J84: Exp 7
A85: Nombre de la Entidad contratante | B85: ATI INTERNACIONAL LTDA.
A86: Persona Natural o Jurídica que ejecutó la Interventoría con Nº de NIT respectivo
A87: Nº de contrato y objeto del contrato de Interventoría | B87: Ctos. 920 Y 921 DE 2008, | C87: Ctos.450 y 451 de 2011 | D87: Cto. 1625 de 2011
A88: Nombre completo y documento de identidad del profesional al cual certifica | B88: María Elsa Guzmán Gómez CC.51568725
A89: Cargo ejercido en el desarrollo del contrato de Interventoría certificado por parte del profesional certificado | B89: Directora Financiera, Administrativa y de Personal
A90: Fecha de Inicio del contrato de Interventoría
A91: Fecha de Terminación del contrato de Interventoría
A92: Fecha de Inicio de labores ejercidas por el profesional certificado | B92: 39815 | C92: 41133 | D92: 40753
A93: Fecha de Terminación de labores ejercidas por el profesional certificado | B93: 40556 | C93: 41305 | D93: 41088
A94: Tiempo de experiencia | B94: =(B93-B92)/365 -> 2.030137 | C94: =(C93-C92)/365 -> 0.47123288 | D94: =(D93-D92)/365 -> 0.91780822
A95: Cumplimiento contrato (1 Si; 0 No) | B95: 1 | C95: 1 | D95: 1
A96: Puntaje | B96: =B94+C94+D94 -> 3.4191781
A98: Prof en Vehiculos ( Ing meca, autom, trans, civ o inds) | B98: Exp 1 | C98: Exp 2 | D98: Exp 3 | E98: Exp 4 | F98: Exp 5 | G98: Exp 6 | I98: Exp 7
A99: Nombre de la Entidad contratante | B99: COOPERATIVA DE TRABAJAO ASOCIADO PROSPECTIVA CTA. | G99: ATI INTERNACIONAL LTDA. | I99: PELDAR S.A.
A100: Persona Natural o Jurídica que ejecutó la Interventoría con Nº de NIT respectivo
A101: Nº de contrato y objeto del contrato de Interventoría | B101: Ctos.1688/2009, 915/2008, 565/2007, 090/2006, 118/2004. | G101: Ctos.24, 35, 37, 38, 40, 46, 122, 174 y 697 de 2003 Y 2004
A102: Nombre completo y documento de identidad del profesional al cual certifica | B102: Willian Teodulo Gómez Moreno CC.19158394
A103: Cargo ejercido en el desarrollo del contrato de Interventoría certificado por parte del profesional certificado | B103: Coordinador de Interventoria | G103: Coordinador de Rutas escolares del Distrito | I103: Ingeniero de Planta
A104: Fecha de Inicio del contrato de Interventoría
A105: Fecha de Terminación del contrato de Interventoría
A106: Fecha de Inicio de labores ejercidas por el profesional certificado | B106: 40074 | C106: 39748 | D106: 39249 | E106: 38919 | F106: 38295 | G106: 37654 | I106: 31700
A107: Fecha de Terminación de labores ejercidas por el profesional certificado | B107: 40673 | C107: 40043 | D107: 39583 | E107: 39248 | F107: 38689 | G107: 38352 | I107: 36028
A108: Tiempo de experiencia | B108: =(B107-B106)/365 -> 1.6410959 | C108: =(C107-C106)/365 -> 0.80821918 | D108: =(D107-D106)/365 -> 0.91506849 | E108: =(E107-E106)/365 -> 0.90136986 | F108: =(F107-F106)/365 -> 1.0794521 | G108: =(G107-G106)/365 -> 1.9123288 | I108: =(I107-I106)/365 -> 11.857534
A109: Cumplimiento contrato (1 Si; 0 No) | B109: 1 | C109: 1 | D109: 1 | E109: 1 | F109: 1 | G109: 1 | I109: 1
A110: Puntaje | B110: =MIN(SUMIFS(B108:J108,B109:J109,1),5) -> 5

Sheet EXPERIENCIA EQUIPO DE TRABA
B1: ALCALDÍA MAYOR DE BOGOTÁ D.C.
B2: SECRETARÍA DE EDUCACIÓN DEL DISTRITO CAPITAL
B3: DIRECCIÓN DE BIENESTAR ESTUDIANTIL
B4: EVALUACIÓN CONCURSO DE MÉRITOS No. SED-CM-A-DBE-004-2019
B5: EXPERIENCIA Y FORMACIÓN ACADÉMICA MÍNIMA DEL EQUIPO DE CALIFICABLE
A7: NOMBRE DEL PROPONENTE | C7: NÚMERO DE PROPUESTA | D7: EQUIPO MÍNIMO CALIFICABLE | E7: DIRECTOR | F7: PROFESIONAL TÉCNICO | G7: PROFESIONAL ANÁLISIS DE DATOS | H7: PUNTAJE EXPERIENCIA ADICIONAL EQUIPO DE CALIFICABLE máximo 89 puntos | U7: INTEGRANTE 4
A8: =+'[3]EXPERIENCIA PROPONENTE'!$A$9 -> CONSORCIO AUDITORIA TRAESCOL | M8: 0.49 | N8: 1 | O8: 2 | U8: NOMBRE | V8: NIT | W8: % DE PARTICIPACIÓN
C9: =+'[3]EXPERIENCIA PROPONENTE'!B9 -> 3 | D9: =IF(COUNTIF(E9:G9,"HABILITADO")=3,"HABILITADO","NO HABILITADO") -> HABILITADO | E9: =IF(COUNTIF(I13:J13,"CUMPLE")=2,"HABILITADO","NO HABILITADO") -> HABILITADO | F9: =IF(I38="CUMPLE","HABILITADO","NO HABILITADO") -> HABILITADO | G9: =IF(I63="CUMPLE","HABILITADO","NO HABILITADO") -> HABILITADO | H9: =K13+K38+J63 -> 35 | L9: La formula de la experiencia adicional calificable, esta calculada en años 05 son 6 meses, 1 es 12 meses y 2 es 24 meses.
A11: DIRECTOR | B11: TITULO DE FORMACIÓN PROFESIONAL | C11: FECHA DE GRADO PROFESIONAL | D11: NÚMERO MATRÍCULA PROFESIONAL | E11: FECHA DE EXPEDICIÓN DE LA MATRÍCULA PROFESIONAL | F11: TIPO POSTGRADO | G11: TITULO DE POSTGRADO | H11: FECHA DE GRADO DE POSTGRADO | I11: EXPERIENCIA TOTAL (GENERAL + ESPECIFICA) mínimo 8 años | J11: EXPERIENCIA ESPECÍFICA (mínimo 6 años) | K11: EXPERIENCIA ESPECÍFICA ADICIONAL CALIFICABLE | L11: OBSERVACIONES
A12: ARIEL AHUMEDO BRAVO | B12: CONTADOR PUBLICO | C12: 38960 | D12: 125209-T | E12: 39149 | F12: ESPECIALIZACIÓN | G12: REVISORIA FISCAL Y AUDITORIA FORENSE | H12: 43074 | I12: =+SUM(B33:K33) -> 8.0383562 | J12: =+SUM(G33:K33) -> 8.0383562 | K12: =SUM(L33:T33) -> 3.9232877
I13: =IF(I12>=8,"CUMPLE","NO CUMPLE") -> CUMPLE | J13: =IF(J12>=6,"CUMPLE","NO CUMPLE") -> CUMPLE | K13: =IF(AND(K12>=M8,K12<=N8),5,IF(AND(K12>=N8,K12<=O8),10,IF(K12>O8,20,0))) -> 20
A15: EXPERIENCIA RELACIONADA | B15: Experiencia 1 | C15: Experiencia 2 | D15: Experiencia 3 | E15: Experiencia 4 | F15: Experiencia 5 | G15: Experiencia Especifica 1 | H15: Experiencia Especifica 2 | I15: Experiencia Especifica 3 | J15: Experiencia Especifica 4 | K15: Experiencia Especifica 5 | L15: Experiencia Adicional 1 | M15: Experiencia Adicional 2 | N15: Experiencia Adicional 3 | O15: Experiencia Adicional 4 | P15: Experiencia Adicional 5 | Q15: Experiencia Adicional 6 | R15: Experiencia Adicional 7 | S15: Experiencia Adicional 8 | T15: Experiencia Adicional 9
A16: Nombre de la Entidad contratante | G16: KRESTON | L16: KRESTON
A17: Cargo ejercido en el desarrollo del contrato | G17: GERENTE DE AUDITORIA FINANCIERA, ASEGURAMIENTO E IMPUESTOS | L17: GERENTE DE AUDITORIA FINANCIERA, ASEGURAMIENTO E IMPUESTOS
A18: Folio | G18: 18 | L18: 18
A19: Fecha de Inicio de labores ejercidas Periodo 1 | G19: 39149 | L19: 42084
A20: Fecha de Terminación de labores ejercidas Periodo 1 | G20: 42083 | L20: 43516
A21: Fecha de Inicio de labores ejercidas Periodo 2
A22: Fecha de Terminación de labores ejercidas Periodo 2
A23: Fecha de Inicio de labores ejercidas Periodo 3
A24: Fecha de Terminación de labores ejercidas Periodo 3
A25: Fecha de Inicio de labores ejercidas Periodo 4
A26: Fecha de Terminación de labores ejercidas Periodo 4
A27: Fecha de Inicio de labores ejercidas Periodo 5
A28: Fecha de Terminación de labores ejercidas Periodo 5
A29: Fecha de Inicio de labores ejercidas Periodo 6
A30: Fecha de Terminación de labores ejercidas Periodo 6
A31: Fecha de Inicio de labores ejercidas Periodo 7
A32: Fecha de Terminación de labores ejercidas Periodo 7
A33: Tiempo de experiencia en años | B33: =+((B20-B19)/365+((B22-B21)/365)+((B24-B23)/365)+((B26-B25)/365)+((B28-B27)/365)+((B30-B29)/365)+((B32-B31)/365)) -> 0 | C33: =+((C20-C19)/365+((C22-C21)/365)+((C24-C23)/365)+((C26-C25)/365)+((C28-C27)/365)+((C30-C29)/365)+((C32-C31)/365)) -> 0 | D33: =+((D20-D19)/365+((D22-D21)/365)+((D24-D23)/365)+((D26-D25)/365)+((D28-D27)/365)+((D30-D29)/365)+((D32-D31)/365)) -> 0 | E33: =+((E20-E19)/365+((E22-E21)/365)+((E24-E23)/365)+((E26-E25)/365)+((E28-E27)/365)+((E30-E29)/365)+((E32-E31)/365)) -> 0 | F33: =+((F20-F19)/365+((F22-F21)/365)+((F24-F23)/365)+((F26-F25)/365)+((F28-F27)/365)+((F30-F29)/365)+((F32-F31)/365)) -> 0 | G33: =+((G20-G19)/365+((G22-G21)/365)+((G24-G23)/365)+((G26-G25)/365)+((G28-G27)/365)+((G30-G29)/365)+((G32-G31)/365)) -> 8.0383562 | H33: =+((H20-H19)/365+((H22-H21)/365)+((H24-H23)/365)+((H26-H25)/365)+((H28-H27)/365)+((H30-H29)/365)+((H32-H31)/365)) -> 0 | I33: =+((I20-I19)/365+((I22-I21)/365)+((I24-I23)/365)+((I26-I25)/365)+((I28-I27)/365)+((I30-I29)/365)+((I32-I31)/365)) -> 0 | ... T33: =+((T20-T19)/365+((T22-T21)/365)+((T24-T23)/365)+((T26-T25)/365)+((T28-T27)/365)+((T30-T29)/365)+((T32-T31)/365)) -> 0
A34: OBSERVACIÓN | G34: SE TIENE EN CUENTA EL INCIO DE EXPERIENCIA PROFESIONAL DESDE LA EXPEDICION DE LA TARJETA PROFESIONAL (08/03/2007)
A36: PROFESIONAL TÉCNICO | B36: TITULO DE FORMACIÓN PROFESIONAL | C36: FECHA DE GRADO PROFESIONAL | D36: NÚMERO MATRÍCULA PROFESIONAL | E36: FECHA DE EXPEDICIÓN DE LA MATRÍCULA PROFESIONAL | F36: TIPO POSTGRADO | G36: TITULO DE POSTGRADO | H36: FECHA DE GRADO DE POSTGRADO | I36: EXPERIENCIA TOTAL mínimo 6 años | J36: EXPERIENCIA ESPECÍFICA (mínimo 4 años) | K36: EXPERIENCIA ESPECÍFICA ADICIONAL CALIFICABLE | L36: OBSERVACIONES
A37: CESAR EDURDO MEDRANO MARTINEZ | B37: CONTADOR PÚBLICO | C37: 39259 | D37: 128420-T | E37: 39324 | I37: =SUM(B58:J58) -> 7.4082192 | J37: =+SUM(H58:J58) -> 7.4082192 | K37: =SUM(L58:R58) -> 0
I38: =IF(I37>=6,"CUMPLE","NO CUMPLE") -> CUMPLE | J38: =IF(J37>=3,"CUMPLE","NO CUMPLE") -> CUMPLE | K38: =IF(AND(K37>M8,K37<=N8),4,IF(AND(K37>N8,K37<=O8),9,IF(K37>O8,13,0))) -> 0
A40: EXPERIENCIA RELACIONADA | B40: Experiencia 1 | C40: Experiencia 2 | D40: Experiencia 3 | E40: Experiencia 4 | F40: Experiencia 5 | G40: Experiencia 6 | H40: Experiencia Especifica 1 | I40: Experiencia Especifica 2 | J40: Experiencia Especifica 3 | L40: Experiencia Adicional 1 | M40: Experiencia Adicional 2 | N40: Experiencia Adicional 3 | O40: Experiencia Adicional 4 | P40: Experiencia Adicional 5 | Q40: Experiencia Adicional 6 | R40: Experiencia Adicional 7
A41: Nombre de la Entidad contratante | H41: AUDITING FIRMS GROUP-AFG
A42: Cargo ejercido en el desarrollo del contrato | H42: DIRECTOR DE AUDITORIA
A43: Folio | H43: 31
A44: Fecha de Inicio de labores ejercidas Periodo 1 | H44: 40735
A45: Fecha de Terminación de labores ejercidas Periodo 1 | H45: 43439
A46: Fecha de Inicio de labores ejercidas Periodo 2
A47: Fecha de Terminación de labores ejercidas Periodo 2
A48: Fecha de Inicio de labores ejercidas Periodo 3
A49: Fecha de Terminación de labores ejercidas Periodo 3
A50: Fecha de Inicio de labores ejercidas Periodo 4
A51: Fecha de Terminación de labores ejercidas Periodo 4
A52: Fecha de Inicio de labores ejercidas Periodo 5
A53: Fecha de Terminación de labores ejercidas Periodo 5
A54: Fecha de Inicio de labores ejercidas Periodo 6
A55: Fecha de Terminación de labores ejercidas Periodo 6
A56: Fecha de Inicio de labores ejercidas Periodo 7
A57: Fecha de Terminación de labores ejercidas Periodo 7
A58: Tiempo de experiencia en años | B58: =+((B45-B44)/365+((B47-B46)/365)+((B49-B48)/365)+((B51-B50)/365)+((B53-B52)/365)+((B55-B54)/365)+((B57-B56)/365)) -> 0 | C58: =+((C45-C44)/365+((C47-C46)/365)+((C49-C48)/365)+((C51-C50)/365)+((C53-C52)/365)+((C55-C54)/365)+((C57-C56)/365)) -> 0 | D58: =+((D45-D44)/365+((D47-D46)/365)+((D49-D48)/365)+((D51-D50)/365)+((D53-D52)/365)+((D55-D54)/365)+((D57-D56)/365)) -> 0 | E58: =+((E45-E44)/365+((E47-E46)/365)+((E49-E48)/365)+((E51-E50)/365)+((E53-E52)/365)+((E55-E54)/365)+((E57-E56)/365)) -> 0 | F58: =+((F45-F44)/365+((F47-F46)/365)+((F49-F48)/365)+((F51-F50)/365)+((F53-F52)/365)+((F55-F54)/365)+((F57-F56)/365)) -> 0 | G58: =+((G45-G44)/365+((G47-G46)/365)+((G49-G48)/365)+((G51-G50)/365)+((G53-G52)/365)+((G55-G54)/365)+((G57-G56)/365)) -> 0 | H58: =+((H45-H44)/365+((H47-H46)/365)+((H49-H48)/365)+((H51-H50)/365)+((H53-H52)/365)+((H55-H54)/365)+((H57-H56)/365)) -> 7.4082192 | I58: =+((I45-I44)/365+((I47-I46)/365)+((I49-I48)/365)+((I51-I50)/365)+((I53-I52)/365)+((I55-I54)/365)+((I57-I56)/365)) -> 0 | J58: =+((J45-J44)/365+((J47-J46)/365)+((J49-J48)/365)+((J51-J50)/365)+((J53-J52)/365)+((J55-J54)/365)+((J57-J56)/365)) -> 0 | L58: =+((L45-L44)/365+((L47-L46)/365)+((L49-L48)/365)+((L51-L50)/365)+((L53-L52)/365)+((L55-L54)/365)+((L57-L56)/365)) -> 0 | M58: =+((M45-M44)/365+((M47-M46)/365)+((M49-M48)/365)+((M51-M50)/365)+((M53-M52)/365)+((M55-M54)/365)+((M57-M56)/365)) -> 0 | N58: =+((N45-N44)/365+((N47-N46)/365)+((N49-N48)/365)+((N51-N50)/365)+((N53-N52)/365)+((N55-N54)/365)+((N57-N56)/365)) -> 0 | O58: =+((O45-O44)/365+((O47-O46)/365)+((O49-O48)/365)+((O51-O50)/365)+((O53-O52)/365)+((O55-O54)/365)+((O57-O56)/365)) -> 0 | P58: =+((P45-P44)/365+((P47-P46)/365)+((P49-P48)/365)+((P51-P50)/365)+((P53-P52)/365)+((P55-P54)/365)+((P57-P56)/365)) -> 0 | Q58: =+((Q45-Q44)/365+((Q47-Q46)/365)+((Q49-Q48)/365)+((Q51-Q50)/365)+((Q53-Q52)/365)+((Q55-Q54)/365)+((Q57-Q56)/365)) -> 0 | R58: =+((R45-R44)/365+((R47-R46)/365)+((R49-R48)/365)+((R51-R50)/365)+((R53-R52)/365)+((R55-R54)/365)+((R57-R56)/365)) -> 0
A59: OBSERVACIÓN | H59: El contrato no se incluye para el computo de experiencia adicional porque no cumple con las exigencia de la experiencia especìfica requerida en el punto 5,2,1,4 de los pliegos
A61: PROFESIONAL ANÁLIS DE DATOS | B61: TITULO DE FORMACIÓN PROFESIONAL | C61: FECHA DE GRADO PROFESIONAL | D61: NÚMERO MATRÍCULA PROFESIONAL | E61: FECHA DE EXPEDICIÓN DE LA MATRÍCULA PROFESIONAL | F61: TIPO POSTGRADO | G61: TITULO DE POSTGRADO | H61: FECHA DE GRADO DE POSTGRADO | I61: EXPERIENCIA TOTAL (GENERAL + ESPECIFICA) mínimo 2 años | J61: EXPERIENCIA ESPECÍFICA ADICIONAL CALIFICABLE | K61: OBSERVACIONES
A62: VANESSA AMAYA QUINTERO | B62: INGENIERO DE SISTEMAS | C62: 37330 | D62: 25255-097904 CND | E62: 37735 | I62: =SUM(B83:H83) -> 2.0328767 | J62: =(SUM(I83:O83)) -> 1.9972603
I63: =IF(I62>=2,"CUMPLE","NO CUMPLE") -> CUMPLE | J63: =IF(AND(J62>M8,J62<=N8),10,IF(AND(J62>N8,J62<=O8),15,IF(J62>O8,20,0))) -> 15
A65: EXPERIENCIA RELACIONADA | B65: Experiencia 1 | C65: Experiencia 2 | D65: Experiencia 3 | E65: Experiencia 4 | F65: Experiencia 5 | I65: Experiencia Adicional 1 | J65: Experiencia Adicional 2 | K65: Experiencia Adicional 3 | L65: Experiencia Adicional 4 | M65: Experiencia Adicional 5 | N65: Experiencia Adicional 6 | O65: Experiencia Adicional 7
A66: Nombre de la Entidad contratante | B66: LINK PRACTICAL SOLUTIONES IT S.A.S. | I66: LINK PRACTICAL SOLUTIONES IT S.A.S.
A67: Cargo ejercido en el desarrollo del contrato | B67: DIRECTORA DE SOFWARE Y TELECOMUNICACIONES | I67: DIRECTORA DE SOFWARE Y TELECOMUNICACIONES
A68: Folio | B68: 43 | I68: 43
A69: Fecha de Inicio de labores ejercidas Periodo 1 | B69: 42013 | I69: 42756
A70: Fecha de Terminación de labores ejercidas Periodo 1 | B70: 42755 | I70: 43485
A71: Fecha de Inicio de labores ejercidas Periodo 2
A72: Fecha de Terminación de labores ejercidas Periodo 2
A73: Fecha de Inicio de labores ejercidas Periodo 3
A74: Fecha de Terminación de labores ejercidas Periodo 3
A75: Fecha de Inicio de labores ejercidas Periodo 4
A76: Fecha de Terminación de labores ejercidas Periodo 4
A77: Fecha de Inicio de labores ejercidas Periodo 5
A78: Fecha de Terminación de labores ejercidas Periodo 5
A79: Fecha de Inicio de labores ejercidas Periodo 6
A80: Fecha de Terminación de labores ejercidas Periodo 6
A81: Fecha de Inicio de labores ejercidas Periodo 7
A82: Fecha de Terminación de labores ejercidas Periodo 7
A83: Tiempo de experiencia en años | B83: =+((B70-B69)/365+((B72-B71)/365)+((B74-B73)/365)+((B76-B75)/365)+((B78-B77)/365)+((B80-B79)/365)+((B82-B81)/365)) -> 2.0328767 | C83: =+((C70-C69)/365+((C72-C71)/365)+((C74-C73)/365)+((C76-C75)/365)+((C78-C77)/365)+((C80-C79)/365)+((C82-C81)/365)) -> 0 | D83: =+((D70-D69)/365+((D72-D71)/365)+((D74-D73)/365)+((D76-D75)/365)+((D78-D77)/365)+((D80-D79)/365)+((D82-D81)/365)) -> 0 | E83: =+((E70-E69)/365+((E72-E71)/365)+((E74-E73)/365)+((E76-E75)/365)+((E78-E77)/365)+((E80-E79)/365)+((E82-E81)/365)) -> 0 | F83: =+((F70-F69)/365+((F72-F71)/365)+((F74-F73)/365)+((F76-F75)/365)+((F78-F77)/365)+((F80-F79)/365)+((F82-F81)/365)) -> 0 | I83: =+((I70-I69)/365+((I72-I71)/365)+((I74-I73)/365)+((I76-I75)/365)+((I78-I77)/365)+((I80-I79)/365)+((I82-I81)/365)) -> 1.9972603 | J83: =+((J70-J69)/365+((J72-J71)/365)+((J74-J73)/365)+((J76-J75)/365)+((J78-J77)/365)+((J80-J79)/365)+((J82-J81)/365)) -> 0 | K83: =+((K70-K69)/365+((K72-K71)/365)+((K74-K73)/365)+((K76-K75)/365)+((K78-K77)/365)+((K80-K79)/365)+((K82-K81)/365)) -> 0 | L83: =+((L70-L69)/365+((L72-L71)/365)+((L74-L73)/365)+((L76-L75)/365)+((L78-L77)/365)+((L80-L79)/365)+((L82-L81)/365)) -> 0 | M83: =+((M70-M69)/365+((M72-M71)/365)+((M74-M73)/365)+((M76-M75)/365)+((M78-M77)/365)+((M80-M79)/365)+((M82-M81)/365)) -> 0 | N83: =+((N70-N69)/365+((N72-N71)/365)+((N74-N73)/365)+((N76-N75)/365)+((N78-N77)/365)+((N80-N79)/365)+((N82-N81)/365)) -> 0 | O83: =+((O70-O69)/365+((O72-O71)/365)+((O74-O73)/365)+((O76-O75)/365)+((O78-O77)/365)+((O80-O79)/365)+((O82-O81)/365)) -> 0
A84: OBSERVACIÓN

Sheet CAPACIDAD OPERATIVA
C1: ALCALDÍA MAYOR DE BOGOTÁ D.C.
C2: SECRETARÍA DE EDUCACIÓN DEL DISTRITO CAPITAL
C3: DIRECCIÓN DE BIENESTAR ESTUDIANTIL
C4: EVALUACIÓN CONCURSO DE MÉRITOS No. SED-CM-A-DBE-001-2019
C5: CAPACIDAD OPERATIVA DEL PROPONENTE
A8: NOMBRE DEL PROPONENTE | E8: NÚMERO DE PROPUESTA
A9: CONSORCIO GISC-FUNDASOL
E10: =IF(A9=X!I2,X!H2,IF(A9=X!I3,X!H3,IF(A9=X!I4,X!H4,IF(A9=X!I5,X!H5,IF(A9=X!I6,X!H6,O))))) -> #NAME?
A12: No | B12: ENTIDAD CONTRATANTE | C12: NUMERO DE CONTRATO | D12: OBJETO | E12: FOLIO | F12: ZONAS GEOGRÁFICAS DE EJECUCIÓN DEL CONTRATO | H12: FECHA DE INICIO | I12: FECHA DE TERMINACIÓN | J12: CUMPLE
F13: CANTIDAD | G13: LUGARES
A14: 1 | B14: ICBF | C14: 1145 DE 2013 | D14: Realizar la interventoria de los contratos suscritos por el ICBF para la ejecucion a nivel nacional del programa desayunos infantiles con amor - DIA. En la zona No.3 establecida en los pliegos de condiciones que hacen parte del presente contrato." | E14: 3 SS Y 27 SS | F14: 13 | G14: ATLÁNTICO, BOLIVAR, SAN ANDRÉS, BOGOTÁ, CUNDINAMARCA, META, BOYACÁ, CASANARE, GUAVIARE, AMAZONAS, VAUPÉS, VICHADA Y GUANÍA | H14: 41390 | I14: 41729 | J14: SI
A15: 2 | B15: ICBF | C15: 1144 DE 2013 | D15: REALIZAR LA INTERVENTORÍA DE LOS CONTRATOS SUSCRITOS POR EL ICBF PARA LA EJECUCIÓN A NIVEL NACIONAL DEL PROGRAMA DESAYUNOS INFANTILES CON AMOR - DIA. EN LA ZONA NO.1 ESTABLECIDA EN LOS PLIEGOS DE CONDICIONES QUE HACEN PARTE DEL PRESENTE CONTRATO." | E15: 17 SS Y 27 SS | F15: 8 | G15: CESAR, LA GUAJIRA, MAGDALENA, CORDOBA, SUCRE, ARAUCA, NORTE DE SANTANDER, SANTANDER | H15: 41393 | I15: 41729 | J15: SI
A16: 3 | B16: SECRETARIA DE EDUCACIÓN-DEPARTAMENTO DEL HUILA | C16: 638 DE 2012 | D16: INTERVENTORÍAA AL CONTRATO DE SUMINISTRO DE UN ALMUERZO DIARIO A LA POBLACIÓN ESCOLAR (NIÑOS, NIÑAS Y ADOLESCENTES) EN LAS INSTITUCIONES EDUCATIVAS EN LOS MUNICIPIOS DE ALTAMIRA, ELIAS, QUIRA, NÁTAGA, OPORAPA, PAICOL, SALADOBLANCO, SUAZA, SANTA MARÍA, TELLO, TESALIA Y VILLAVIEJA POR EL TIEMPO MAXIMO DE ACTIVIDADES ESCOLARES. | E16: 49 SS | F16: 12 | G16: MUNICIPIOS DE ALTAMIRA, ELIAS, QUIRA, NÁTAGA, OPORAPA, PAICOL, SALADOBLANCO, SUAZA, SANTA MARÍA, TELLO, TESALIA Y VILLAVIEJA | H16: 41200 | I16: 41257 | J16: SI
A17: NOTA: El proponente podrá acreditar capacidad operativa relacionada con ejecución de contratos con objeto similares al presente proceso, en cada certificación se debe evidenciar actividades de desplazamiento de personal en más de tres zonas geográficas (Se entenderán los referentes a municipios y ciudades)
A19: PUNTAJE CAPACIDAD OPERATIVA
A23: RESULTADO | D23: =IF(COUNTIF(J14:J16,"SI")=3,"HABILITADO","NO HABILITADO") -> HABILITADO

Sheet PERSONAL CON DISCAPAC
C1: ALCALDÍA MAYOR DE BOGOTÁ D.C.
C2: SECRETARÍA DE EDUCACIÓN DEL DISTRITO CAPITAL
C3: DIRECCIÓN DE BIENESTAR ESTUDIANTIL
C4: EVALUACIÓN CONCURSO DE MÉRITOS No. SED-CM-A-DBE-004-2019
C5: PERSONAL CON DISCAPACIDAD
B8: NOMBRE DEL PROPONENTE | D8: NÚMERO DE PROPUESTA
B9: =+'EXPERIENCIA PROPONENTE'!$A$9 -> CONSORCIO AUDITORIA TRAESCOL
D10: =+'EXPERIENCIA PROPONENTE'!$B$9 -> 3
B13: No. PERSONAS DE LA PLANTA | C13: No. DE PERSONAS CON DISCAPACIDAD | D13: CUMPLE | E13: ANEXA COPIA DE CERTIFICADO POR MINISTERIO DE TRABAJO | F13: No. FOLIO
B14: 8 | C14: 1 | D14: SI | E14: SI | F14: 4
B15: NOTA: para la evaluación verificar los criterios de calificación en el literal IV del pliego de condiciones.
B17: PUNTAJE POR PERSONAL CON DISCAPACIDAD
B18: PERSONAL CON DISCAPACIDAD | E18: =IF(COUNTIF(D14:E14,"SI")=2,1,0) -> 1
B19: PUNTAJE TOTAL | E19: =+E18 -> 1

Sheet PROTECCIÓN A LA INDUSTRIA
C1: ALCALDÍA MAYOR DE BOGOTÁ D.C.
C2: SECRETARÍA DE EDUCACIÓN DEL DISTRITO CAPITAL
C3: DIRECCIÓN DE BIENESTAR ESTUDIANTIL
C4: EVALUACIÓN CONCURSO DE MÉRITOS No. SED-CM-A-DBE-004-2019
C5: PROTECCIÓN A LA INDUSTRIA NACIONAL
A8: NOMBRE DEL PROPONENTE | E8: NÚMERO DE PROPUESTA
A9: =+'EXPERIENCIA PROPONENTE'!$A$9 -> CONSORCIO AUDITORIA TRAESCOL
E10: =+'EXPERIENCIA PROPONENTE'!$B$9 -> 3
B12: CATEGORIA | F12: CUMPLE
B13: OFERENTES NACIONALES (SERVICIOS) | F13: SI
B14: LAS OFERTAS DE BIENES Y SERVICIOS EXTRANJEROS QUE INCORPOREN BIENES O SERVICIOS NACIONALES | F14: NO
B17: APOYO A LA INDUSTRIA
B18: PUNTAJE TOTAL | E18: =IF(AND(F13="SI",F14="SI"),10,IF(AND(F13="SI",F14="NO"),10,IF(AND(F13="NO",F14="SI"),5,0))) -> 10

Sheet CONSOLIDADO POR PROPONENTE
E3: ALCALDÍA MAYOR DE BOGOTÁ D.C.
E4: SECRETARÍA DE EDUCACIÓN DEL DISTRITO CAPITAL
E5: DIRECCIÓN DE BIENESTAR ESTUDIANTIL
E6: EVALUACIÓN CONCURSO DE MÉRITOS No. SED-CM-A-DBE-004-2019
E7: CONSOLIDADO POR PROPONENTE
B10: NOMBRE DEL PROPONENTE | F10: NÚMERO DE PROPUESTA | H10: RESULTADO | J10: PUNTAJE ADICIONAL
B11: =+'EXPERIENCIA PROPONENTE'!$A$9 -> CONSORCIO AUDITORIA TRAESCOL
F12: =+'EXPERIENCIA PROPONENTE'!$B$9 -> 3 | H12: =IF(COUNTIF(F17:F18,"HABILITADO")=2,"HABILITADO","NO HABILITADO") -> NO HABILITADO | J12: =SUM(K15:K18) -> 66
H14: PUNTAJE ADICIONAL
B15: REQUISITOS HABILITANTES | H15: EXPERIENCIA ADICIONAL PROPONENTE | K15: =+IF('EXPERIENCIA PROPONENTE'!$C$45="HABILITADO",'EXPERIENCIA PROPONENTE'!C54,0) -> 20
B16: COMPONENTE | E16: OBSERVACIONES | F16: CUMPLE | H16: EXPERIENCIA ADICIONAL EQUIPO MÍNIMO | K16: =+'EXPERIENCIA EQUIPO DE TRABA'!H9 -> 35
B17: EXPERIENCIA MÍNIMA HABILITANTE PROPONENTE | F17: =+'EXPERIENCIA PROPONENTE'!C44 -> NO HABILITADO | H17: PERSONAL CON DISCAPACIDAD | K17: =+'PERSONAL CON DISCAPAC'!E19 -> 1
B18: EXPERIENCIA EQUIPO DE TRABAJO | F18: =+'EXPERIENCIA EQUIPO DE TRABA'!D9 -> HABILITADO | H18: APOYO A LA INDUSTRIA NACIONAL | K18: =+'PROTECCIÓN A LA INDUSTRIA'!E18 -> 10
H19: NOMBRE DEL EVALUADOR
B20: EXPERIENCIA EQUIPO DE TRABAJO
B21: CARGO | E21: OBSERVACIONES | F21: RESULTADO | H21: DIANA CRISTINA SEVILLA PALECHOR
B22: DIRECTOR | E22: =+CONCATENATE('EXPERIENCIA EQUIPO DE TRABA'!B34," ",'EXPERIENCIA EQUIPO DE TRABA'!C34," ",'EXPERIENCIA EQUIPO DE TRABA'!D34," ",'EXPERIENCIA EQUIPO DE TRABA'!E34) | F22: =+'EXPERIENCIA EQUIPO DE TRABA'!E9 -> HABILITADO
B23: PROFESIONAL TÉCNICO | E23: =+CONCATENATE('EXPERIENCIA EQUIPO DE TRABA'!B59," ",'EXPERIENCIA EQUIPO DE TRABA'!H59," "," ",'EXPERIENCIA EQUIPO DE TRABA'!L59) -> El contrato no se incluye para el computo de experiencia adicional porque no cumple con las exigencia de la experiencia especìfica requerida en el punto 5,2,1,4 de los pliegos | F23: =+'EXPERIENCIA EQUIPO DE TRABA'!F9 -> HABILITADO
B24: PROFESIONAL ANÁLISIS DE DATOS | E24: =+CONCATENATE('EXPERIENCIA EQUIPO DE TRABA'!B84," ",'EXPERIENCIA EQUIPO DE TRABA'!C84," ",'EXPERIENCIA EQUIPO DE TRABA'!D84," ",'EXPERIENCIA EQUIPO DE TRABA'!E84," ",'EXPERIENCIA EQUIPO DE TRABA'!F84) | F24: =+'EXPERIENCIA EQUIPO DE TRABA'!G9 -> HABILITADO
